 Dungeon Crawl Stone Soup version 0.21-a0-150-gc243083 (webtiles) character file.

1744330 pedritolo the Phalangite (level 27, 196/196 HPs)
             Began as a Demonspawn Wanderer on July 26, 2017.
             Escaped with the Orb
             ... and 3 runes!
             The game lasted 05:20:43 (71249 turns).

pedritolo the Phalangite (Demonspawn Wanderer)     Turns: 71249, Time: 05:20:44

Health: 196/196    AC: 35    Str: 28      XL:     27
Magic:  35/35      EV: 27    Int: 16 (18) God:    Xom [..*...]
Gold:   4027       SH:  0    Dex: 21      Spells: 2/42 levels left

rFire    . . .     SeeInvis +   p - +9 bardiche (protect)
rCold    + + +     Gourm    .   (shield currently unavailable)
rNeg     + . .     Faith    .   U - +2 steam dragon scales
rPois    +         Spirit   .   (helmet restricted)
rElec    +         Reflect  .   c - +0 cloak of Nom Vuro {rF- MR+ Str+4 Int+3}
rCorr    +         Harm     .   (gloves unavailable)
MR       +++..     NoTele   +   (boots unavailable)
Stlth    ++........             S - amulet "Xuneustre" {-Tele +Rage rElec rPois}
HPRegen  0.82/turn              P - ring of Robustness {AC+8}
MPRegen  0.24/turn              X - ring "Giasigha" {+Fly AC+5 Slay+4}

@: protection aura
A: beak, claws 3, hooves 3, horns 2, yellow scales 3, see invisible, agile 2,
cold resistance 3, fire resistance 1, frail 1, ignite blood, negative energy
resistance 1, nightstalker 3, poison resistance, regeneration 1, shaggy fur 1,
electricity resistance, 50% torment resistance, strong 2, wild magic 2, black
mark, flame cloud immunity
0: Orb of Zot
}: 3/15 runes: serpentine, barnacled, silver
a: Renounce Religion, Evoke Berserk Rage, Evoke Flight


You escaped.
You worshipped Xom.
You were a toy of Xom.
You were not hungry.

You visited 9 branches of the dungeon, and saw 49 of its levels.
You visited the Abyss 1 time.
You visited 1 bazaar.
You visited 1 ziggurat, and saw 10 of its levels.
You also visited: Labyrinth, Trove, Ossuary, Ice Cave, Volcano and Wizlab.

You collected 6870 gold pieces.
You spent 2843 gold pieces at shops.

Inventory:

Hand Weapons
 p - a +9 bardiche of protection (weapon)
Missiles
 h - 1337 arrows
 l - 11 throwing nets (quivered)
Armour
 c - the +0 cloak of Nom Vuro (worn) {rF- MR+ Str+4 Int+3}
   (You found it in a wizard's laboratory)

   It affects your strength (+4).
   It affects your intelligence (+3).
   It makes you vulnerable to fire.
   It affects your resistance to hostile enchantments.
 i - the +1 cloak of Entitlement {Slay+3}
   (You found it in a wizard's laboratory)

   It affects your accuracy and damage with ranged weapons and melee attacks
   (+3).
 U - +2 steam dragon scales (worn)
Jewellery
 d - an uncursed ring of protection from magic
 E - an uncursed ring of protection from fire
 F - an uncursed ring of protection from cold
 P - the ring of Robustness (left claw) {AC+8}
   (You found it on level 10 of a ziggurat)

   [ring of protection]

   It affects your AC (+8).
 S - the amulet "Xuneustre" (around neck) {-Tele +Rage rElec rPois}
   (You took it off a merfolk on level 4 of the Shoals)

   [amulet of rage]

   It insulates you from electricity.
   It protects you from poison.
   It lets you go berserk.
   It prevents most forms of teleportation.
 X - the ring "Giasigha" (right claw) {+Fly AC+5 Slay+4}
   (You found it on level 9 of a ziggurat)

   [ring of protection]

   It affects your AC (+5).
   It affects your accuracy and damage with ranged weapons and melee attacks
   (+4).
   It lets you fly.
Wands
 g - a wand of iceblast (7/15)
 s - a wand of paralysis (9/24)
 y - a wand of clouds (7/9)
 C - a wand of iceblast (4/15)
 I - a wand of digging (9/24)
 V - a wand of acid (8/15)
Scrolls
 b - 13 scrolls of identify
 e - 2 scrolls of magic mapping
 q - 14 scrolls of fog
 r - 14 scrolls of remove curse
 t - 4 scrolls of silence
 u - 9 scrolls of recharging
 v - 26 scrolls of teleportation
 w - 4 scrolls of vulnerability
 A - a scroll of blinking
 G - 8 scrolls of immolation
 J - a scroll of brand weapon
 T - a scroll of fear
 W - 2 scrolls of summoning
Potions
 k - 16 potions of mutation {!q}
 o - a potion of cancellation
 x - 17 potions of curing
 z - 2 potions of haste
 K - 9 potions of heal wounds
 L - 3 potions of resistance
 N - 17 potions of brilliance
 O - 2 potions of invisibility
 Q - 11 potions of agility
 R - 2 potions of ambrosia
 Y - 5 potions of magic
 Z - 7 potions of might
Miscellaneous
 a - 2 boxes of beasts
 j - a lightning rod (4/4)
 n - a lamp of fire
 B - 3 sacks of spiders
 D - a phial of floods
 M - a phantom mirror
Comestibles
 f - 2 chunks of flesh
 m - 16 meat rations


   Skills:
 + Level 18.2 Fighting
 - Level 26.0 Polearms
 - Level 1.0 Throwing
 - Level 7.3 Armour
 + Level 15.8 Dodging
 - Level 6.2 Stealth
 - Level 8.3 Spellcasting
 - Level 5.2 Hexes
 - Level 10.8 Charms
 - Level 5.1 Summonings
 - Level 12.7 Necromancy
 - Level 8.8 Translocations
 - Level 16.0 Transmutations
 - Level 4.3 Air Magic
 - Level 13.8 Earth Magic
 + Level 14.4 Evocations


You had 2 spell levels left.
You knew the following spells:

 Your Spells              Type           Power        Failure   Level  Hunger
a - Sticks to Snakes      Tmut           #######.     1%          2    None
b - Passwall              Tmut/Erth      ######....   1%          2    None
c - Yara's Violent Unrav  Hex/Tmut       ######....   10%         5    #####..
d - Summon Lightning Spi  Summ/Air       ####....     30%         4    ###....
e - Teleport Other        Tloc           ######..     3%          3    #......
f - Lesser Beckoning      Tloc           ######....   3%          3    #......
g - Passage of Golubria   Tloc           N/A          8%          4    ###....
h - Apportation           Tloc           ######       1%          1    None
i - Song of Slaying       Chrm           ######..     1%          2    None
r - Regeneration          Chrm/Necr      ######....   1%          3    #......
s - Statue Form           Tmut/Erth      ######...    10%         6    ######.
w - Spectral Weapon       Hex/Chrm       ######..     4%          3    #......
B - Blink                 Tloc           N/A          2%          2    None


Dungeon Overview and Level Annotations

Branches:
Dungeon (15/15)            Temple (0/1) D:4            Lair (6/6) D:8
 Shoals (4/4) Lair:4        Snake (4/4) Lair:3        Slime (0/5) Lair:5
    Orc (2/2) D:12            Elf (0/3) Orc:2        Vaults (5/5) D:13
  Crypt (3/3) Vaults:2       Tomb (0/3) Crypt:3      Depths (5/5) D:15
    Zot (5/5) Depths:5

Altars:
Ashenzari
Fedhas
Makhleb
Okawaru
Qazlal
Trog
Uskayaw
Vehumet
Wu Jian
Xom
Yredelemnul
Beogh
Jiyva
Lugonu

Shops:
D:9 =   Orc:2 :([:   Shoals:2 *   Shoals:4 :!![(   Snake:1 :*}*   Vaults:2 [
Depths:1 }}=!   Depths:4 }}

Portals:
Hell: Depths:1 Depths:2 Depths:5
Abyss: Depths:2

Annotations:
D:6 2 exclusions, Sigmund
D:11 exclusions: 4 doors and manticore
D:12 exclusion: 2 doors
D:14 3 exclusions
Lair:1 6 exclusions
Shoals:3 exclusion: Roxanne, Roxanne
Orc:2 exclusions: door and 2 more exclusions
Zot:4 exclusions: golden dragon and moth of wrath
Zot:5 exclusion: upstairs


Innate Abilities, Weirdness & Mutations

You have hooves in place of feet.
You are completely covered in yellow scales. (AC +4, rCorr)
Your flesh is heat resistant. (rF+)
Your demonic aura causes spilled blood to erupt in flames.
You resist negative energy. (rN+)
You are completely attuned to the shadows.
You are somewhat able to resist unholy torments (1 in 2 success).
Your melee attacks may debilitate your foes.
You are immune to clouds of flame.
You have a beak for a mouth.
You have claws for hands.
You have a pair of horns on your head.
You have supernaturally acute eyesight. (SInv)
You are very agile. (Dex +4)
Your flesh is almost immune to the effects of cold. (rC+++)
You are frail. (-10% HP)
Your system is resistant to poisons. (rPois)
Your natural rate of healing is unusually fast.
You are covered in fur. (AC +1)
You are resistant to electric shocks. (rElec)
Your muscles are very strong. (Str +4)
Your spells are harder to cast, but more powerful.


Message History

You hit the kobold but do no damage. You kick the kobold.
You kill the kobold!
Unknown command.
You carve the ynoxinul like a ham!!!
You kill the ynoxinul!
The ufetubus disappears in a puff of smoke!
No target in view!
Unknown command.
Attack whom?
Press: ? - help, Dir - move target cursor, f - jackal
Aim: a jackal (hasn't noticed you)
You reach to attack!
The jackal barks!
You carve the jackal like a ham!!!
Your weapon exudes an aura of protection.
You kill the jackal!
No target in view!
There is an open door here.
There is a staircase leading out of the dungeon, spattered with blood here.
You have escaped!

....##### #...#
#..#......#. ..###
###'### #..##....##. ..#
##...†.####..#....#.. ..#
##.⌠.).⌠.####........#
..#
##....8....#######.....
..# ###...⌠...⌠...###
####.#
..#######...............#
#.#
........#.8.8.#####.8.8.#
#.#
........#..8..#.@.#..8..#
#)#
........#.8.8.##'##.8.8.#
#)#
..#####.#...............#
####.# ..#
#.#################
#..... ..# #.# #.##.#
##.##.# ..# ##.## #.##.#
#.....# ..# #...###.##.#
#..#### ..####.#........#
########......
.....#....##.##.#
#.....##.#####


There were no monsters in sight!

Vanquished Creatures
  3 orbs of fire (Zot:5)
  2 pandemonium lords
  5 ancient liches
  Mara (Depths:2)
  3 juggernauts
  Sojobo (Crypt:1)
  Bai Suzhen (Crypt:1)
  Saint Roka (Depths:4)
  5 Killer Klowns
  5 curse toes (Zot:5)
  A caustic shrike (Depths:2)
  Xtahua (Crypt:1)
  7 golden dragons
  A profane servitor (WizLab)
  4 bone dragons
  5 electric golems
  2 Brimstone Fiends (Zot:5)
  A Hell Sentinel (Zot:5)
  26 Orb Guardians
  9 liches
  12 tentacled monstrosities
  7 titans
  9 quicksilver dragons
  8 acid blobs
  6 tentacled starspawn
  An Executioner (Zot:1)
  An eldritch tentacle (WizLab)
  6 sphinxes
  6 death cobs
  8 ancient champions
  Agnes (Snake:4)
  Kirke (D:14)
  10 storm dragons
  8 tengu reavers
  13 shadow dragons
  3 draconian monks
  2 revenants
  Ilsuiw (Shoals:4)
  An azure jelly (Snake:4)
  16 vault wardens
  8 fire giants
  7 nagarajas (Snake:4)
  2 cacodemons (D:13)
  10 frost giants
  5 draconian scorchers
  2 deep elf sorcerers
  7 draconian shifters
  An iron dragon (Depths:4)
  8 draconian knights
  An emperor scorpion (Vaults:4)
  A juggernaut zombie (Depths:3)
  A deep elf elementalist (Vaults:5)
  4 orc warlords
  2 draconian stormcallers
  17 ironheart preservers
  10 ghouls
  2 spriggan defenders (Depths:5)
  A draconian annihilator (Zot:5)
  A reaper (D:15)
  17 very ugly things
  2 war gargoyles (Vaults:5)
  20 stone giants
  3 entropy weavers
  5 black draconians
  14 green draconians
  The ghost of Starchild the Basher, a journeyman FoFi of Hepliaklqana (D:14)
  3 ghost moths
  5 deep elf annihilators
  A lorocyproca (WizLab)
  8 vampire knights
  A spark wasp (Depths:2)
  16 yellow draconians
  2 dire elephants
  3 eidola
  4 purple draconians
  A blizzard demon (Zig:3)
  4 red draconians
  6 merfolk javelineers
  4 green deaths
  13 fire dragons
  4 deep elf death magi
  A minotaur (Lab)
  Fannar (Lair:2)
  10 ettins
  A kraken zombie (Crypt:2)
  A death ooze (Zig:2)
  4 deep elf high priests
  8 merfolk impalers
  Erolcha (Orc:1)
  12 jiangshi
  9 rakshasas
  The ghost of drasked the Nimble, a journeyman DEFE of Vehumet (Lair:4)
  13 yaktaur captains
  A great orb of eyes (shapeshifter) (Zig:9)
  6 great orbs of eyes
  11 ice dragons
  38 vault guards
  16 naga warriors
  22 ogre magi
  A quicksilver dragon skeleton (Crypt:3)
  2 catoblepae
  3 hydras
  4 death knights
  A spriggan air mage (Depths:5)
  A two-headed ogre (shapeshifter) (Vaults:2)
  4 alligator snapping turtles
  5 merfolk avatars
  4 merfolk aquamancers
  The ghost of drasked the Destroyer, a journeyman DEFE of Vehumet (IceCv)
  5 tengu warriors
  13 anacondas
  14 centaur warriors
  71 two-headed ogres
  2 dancing weapons
  2 orc high priests
  2 deep troll earth magi (Depths:5)
  4 hell hogs
  4 death yaks (Lair:6)
  2 satyrs (Shoals:3)
  2 spriggan berserkers (Depths:2)
  6 deep troll shamans
  6 vampire magi
  7 shock serpents
  4 thrashing horrors
  3 spriggans
  2 soul eaters
  13 naga sharpshooters
  4 wretched stars
  Nergalle (Lair:2)
  2 sun demons
  4 salamander mystics
  6 deep elf knights
  7 shadow wraiths
  61 skeletal warriors
  32 sea snakes
  A storm dragon skeleton (Crypt:3)
  4 sixfirhies
  2 hell knights
  2 iron trolls
  A spark wasp zombie (Depths:2)
  A spatial maelstrom (Zig:9)
  2 shadow demons
  22 deep trolls
  3 unseen horrors
  6 flayed ghosts
  A naga ritualist (Snake:2)
  9 wizards
  6 deep elf archers
  7 phantasmal warriors
  2 glowing orange brains (Depths:2)
  17 ironbrand convokers
  An obsidian statue (WizLab)
  A tengu zombie (Vaults:2)
  A lindwurm (shapeshifter) (Vaults:5)
  25 harpies
  A sphinx zombie (Vaults:2)
  10 mana vipers
  A mana viper (shapeshifter) (Vaults:4)
  16 orc knights
  7 orc sorcerers
  21 deep elf magi
  A golden dragon skeleton (Crypt:3)
  4 necromancers
  38 ugly things
  4 oklob plants (Zot:2)
  A shadow dragon skeleton (Depths:3)
  An orb spider (Zig:5)
  5 wolf spiders
  15 manticores
  14 large abominations
  10 salamanders
  A salamander (shapeshifter) (Depths:1)
  9 cyclopes
  A shock serpent zombie (Crypt:3)
  11 fauns
  A sphinx skeleton (Crypt:3)
  2 worldbinders (WizLab)
  20 moths of wrath
  A moth of wrath (shapeshifter) (Depths:1)
  9 elephants
  12 merfolk sirens
  Psyche (D:8)
  10 guardian serpents
  17 naga magi
  2 stone giant skeletons (Crypt:3)
  18 black mambas
  16 vault sentinels
  4 fire giant skeletons
  7 water nymphs
  A frost giant skeleton (Crypt:3)
  4 rust devils
  A black mamba (shapeshifter) (Vaults:3)
  3 smoke demons
  3 orc skeletons
  3 gargoyles
  3 orange demons
  6 spiny frogs
  A dire elephant skeleton (Crypt:3)
  2 ice statues (IceCv)
  A torpor snail (Lair:4)
  11 komodo dragons
  A hellion (Depths:1)
  An efreet (D:15)
  10 freezing wraiths
  A rime drake (shapeshifter) (D:14)
  4 kobold demonologists
  9 rime drakes
  A spark wasp simulacrum (Depths:2)
  A demonic crawler (Zig:5)
  3 hellwings
  34 yaktaurs
  4 ice devils
  2 tengu conjurers
  A guardian mummy (Crypt:3)
  2 meliai (shapeshifter)
  A troll (shapeshifter) (Snake:4)
  9 trolls
  2 ancient zymes
  A meliai (Vaults:2)
  2 jumping spiders
  9 hornets
  A jumping spider (shapeshifter) (Lair:3)
  25 merfolk
  27 slime creatures
  2 tengu simulacra (Depths:2)
  A minotaur skeleton (Crypt:3)
  21 blink frogs
  5 wind drakes
  13 polar bears
  2 raiju
  A human simulacrum (Vaults:2)
  2 harpy skeletons (Crypt:3)
  A sphinx simulacrum (Vaults:3)
  7 snapping turtles
  4 bog bodies
  3 hydra skeletons (Crypt:3)
  A raiju (shapeshifter) (Vaults:5)
  14 dream sheep
  A fire giant simulacrum (Depths:3)
  11 hippogriffs
  6 air elementals
  9 flying skulls (Crypt:3)
  A redback (shapeshifter) (Vaults:1)
  9 redbacks
  An ice dragon skeleton (Crypt:3)
  A satyr skeleton (Crypt:3)
  2 tarantellas (Zig:5)
  18 water elementals
  4 shadows
  13 wyverns
  A human (Lair:1)
  A human (shapeshifter) (Vaults:3)
  5 ettin skeletons
  10 small abominations
  12 wraiths
  54 yaks
  4 basilisks
  2 ynoxinuls
  A hog (shapeshifter) (D:13)
  A hog (D:14)
  3 fire bats (Lair:1)
  2 hungry ghosts
  3 neqoxecs
  3 steam dragons
  6 chaos spawn
  2 vampire mosquitoes (D:13)
  A warg (shapeshifter) (Zig:7)
  8 wargs
  2 insubstantial wisps (WizLab)
  42 nagas
  6 spatial vortices
  A swamp worm (Snake:4)
  A soldier ant (D:15)
  A glowing shapeshifter zombie (Crypt:1)
  A two-headed ogre skeleton (Crypt:1)
  A floating eye (Depths:2)
  11 water moccasins
  8 porcupines
  A swamp drake (D:8)
  2 monstrous demonspawn skeletons
  56 orc warriors
  3 black bears
  An ice beast (shapeshifter) (D:13)
  6 sky beasts
  4 ice beasts
  A hornet zombie (D:13)
  6 phantoms
  An ettin simulacrum (Vaults:2)
  An eye of draining (D:10)
  17 boggarts
  A tengu (D:11)
  3 necrophages
  55 ogres
  23 wolves
  37 centaurs
  A torpor snail zombie (Crypt:1)
  A human skeleton (Vaults:2)
  The ghost of p0werm0de the Chiller, an amateur DsIE (D:3)
  15 crocodiles
  A snapping turtle skeleton (Crypt:1)
  5 big kobolds
  A hippogriff zombie (Crypt:3)
  2 gnoll sergeants
  21 bullfrogs
  A draconian skeleton (Crypt:3)
  A salamander skeleton (Crypt:2)
  2 water moccasin zombies
  11 scorpions
  27 jellies
  A wyvern skeleton (D:10)
  15 killer bees
  A spriggan skeleton (Crypt:3)
  20 wights
  3 electric eels
  7 howler monkeys
  3 troll skeletons
  4 bullfrog zombies
  8 crimson imps
  8 hounds
  3 quasits
  An iron imp (WizLab)
  23 orc wizards
  A gnoll shaman (D:7)
  20 orc priests
  4 centaur zombies
  7 centaur skeletons
  A basilisk skeleton (Crypt:2)
  4 iguanas
  A demonspawn skeleton (Crypt:1)
  A black bear skeleton (Crypt:2)
  13 worker ants
  A killer bee zombie (D:7)
  3 big kobold zombies (Ossuary)
  An ogre skeleton (Lab)
  2 hound zombies
  4 hound skeletons
  4 mummies
  2 worker ant zombies (D:6)
  7 adders
  14 gnolls
  A scorpion zombie (Ossuary)
  5 shadow imps
  2 steam dragon skeletons
  2 oozes
  2 adder zombies
  A halfling zombie (Crypt:2)
  2 adder skeletons
  6 worms
  A dart slug (D:1)
  6 leopard geckos
  91 orcs
  10 giant cockroaches
  5 goblins
  10 hobgoblins
  23 jackals
  3 quokkas
  A ball python (D:2)
  3 bats
  4 frilled lizards
  2 gnoll zombies (Ossuary)
  2 goblin zombies
  4 hobgoblin zombies
  2 jackal skeletons
  A jackal zombie (D:6)
  16 kobolds
  5 kobold zombies
  A leopard gecko skeleton (D:6)
  6 orc zombies
  A quokka skeleton (D:8)
  8 rats
  A rat skeleton (Crypt:2)
  A butterfly (D:4)
  A demonic plant (D:14)
  A fire vortex (Shoals:4)
  A plant (D:4)
  2 tentacles (Crypt:2)
2561 creatures vanquished.

Vanquished Creatures (collateral kills)
  A juggernaut (Zig:10)
  Gastronok (D:9)
  An ancient champion (Zig:8)
  A tengu reaver (Vaults:4)
  A fire giant (Vaults:3)
  Aizul (Snake:2)
  A very ugly thing (Zig:9)
  A rakshasa (Vaults:3)
  A centaur warrior (D:11)
  5 two-headed ogres
  An ogre mage (Vaults:2)
  A vampire mage (Zig:8)
  A skeletal warrior (Vaults:2)
  An ironbrand convoker (Vaults:3)
  A deep elf archer (Vaults:2)
  A deep elf mage (Vaults:2)
  A faun (Shoals:3)
  A wolf spider (Vaults:3)
  2 salamanders
  A manticore (D:11)
  An elephant (Lair:3)
  A vault sentinel (Vaults:4)
  A black mamba (Snake:4)
  A kobold demonologist (D:11)
  3 yaktaurs (Vaults:3)
  A hornet (D:11)
  A hippogriff (D:10)
  A snapping turtle (Shoals:3)
  A yak (Lair:3)
  A small abomination (Zig:9)
  A large abomination (Zig:9)
  3 nagas
  An orc warrior (D:12)
  11 ogres
  A big kobold (D:11)
  A bullfrog (D:6)
  A wight (D:11)
  A centaur zombie (D:8)
  An orc priest (D:12)
  A big kobold zombie (Ossuary)
  A mummy (Ossuary)
  3 gnolls (D:12)
  2 scorpion zombies (Ossuary)
  A worm (D:7)
  3 orcs
  A kobold (D:11)
  A kobold zombie (Ossuary)
71 creatures vanquished.

Vanquished Creatures (others)
  A very ugly thing (Depths:1)
  A vault guard (Vaults:4)
  3 dancing weapons
  A two-headed ogre (Vaults:2)
  An unseen horror (D:11)
  A wizard (D:15)
  A kobold demonologist (D:14)
  A yaktaur (Depths:4)
  A jumping spider (Zig:5)
  A yak (Lair:1)
  2 humans (D:14)
  A sky beast (D:8)
  A black bear (D:11)
  A wolf (IceCv)
  2 ogres
  A centaur (D:15)
  A howler monkey (D:14)
  A centaur zombie (Ossuary)
  An orc priest (Orc:2)
  An orc wizard (D:14)
  A jelly (Zot:2)
  A worker ant (D:11)
  A gnoll (D:7)
  A shadow imp (D:14)
  2 orcs (D:14)
  13 fungi
  15 plants
  A spectral weapon (Zot:5)
  9 starspawn tentacles
  2 tentacles (Crypt:2)
70 creatures vanquished.

Grand Total: 2702 creatures vanquished

Notes
Turn   | Place    | Note
-------+----------+-------------------------------------------
     0 | D:1      | pedritolo the Demonspawn Wanderer began the quest for the Orb.
     0 | D:1      | pedritolo set off with: 3 curare-tipped needles, a +2 blowgun, a potion of lignification, the Tome of the Desert, a +0 robe, a bread ration
     0 | D:1      | Reached XP level 1. HP: 19/19 MP: 2/2
     0 | D:1      | Identified the Tome of the Desert
   291 | D:1      | Gained mutation: You are partially covered in yellow scales. (AC +2) [demonic ancestry]
   291 | D:1      | Reached XP level 2. HP: 8/26 MP: 3/3
   813 | D:1      | Found an iron altar of Okawaru.
  1438 | D:2      | Reached skill level 5 in Fighting
  1519 | D:2      | Learned a level 2 spell: Sticks to Snakes
  1551 | D:2      | Gained mutation: Your flesh is heat resistant. (rF+) [demonic ancestry]
  1551 | D:2      | Reached XP level 3. HP: 33/33 MP: 4/4
  2195 | D:2      | Found a shattered altar of Ashenzari.
  2844 | D:3      | Gained mutation: You have large cloven feet. [demonic ancestry]
  2844 | D:3      | Reached XP level 4. HP: 39/39 MP: 5/5
  3496 | D:4      | Found a shimmering altar of Xom.
  3503 | D:4      | Became a worshipper of Xom the Unpredictable
  3543 | D:4      | XOM: butterfly on damage
  3586 | D:4      | XOM: divination: detect creatures
  3747 | D:4      | XOM: silly message
  3767 | D:4      | Gained mutation: You have hoof-like feet. [demonic ancestry]
  3767 | D:4      | Reached XP level 5. HP: 40/44 MP: 7/7
  4158 | D:4      | XOM: potion effect (might)
  4167 | D:4      | Reached XP level 6. HP: 46/51 MP: 9/9
  4229 | D:4      | XOM: harmless Necr miscast
  4326 | D:4      | XOM: divination: detect items
  4452 | D:3      | Reached skill level 1 in Dodging
  4533 | D:3      | Noticed p0werm0de's ghost (amateur DsIE)
  4628 | D:3      | Killed p0werm0de's ghost
  4801 | D:4      | Gained mutation: You have hooves in place of feet. [demonic ancestry]
  4801 | D:4      | Reached XP level 7. HP: 54/57 MP: 10/10
  4962 | D:4      | XOM: harmless Chrm miscast
  4967 | D:4      | Found a staircase to the Ecumenical Temple.
  5184 | D:4      | XOM: mild Erth miscast
  5206 | D:4      | XOM: harmless Ice miscast
  5366 | D:5      | XOM: stealth player
  5366 | D:5      | Entered Level 5 of the Dungeon
  5373 | D:5      | Found an ornate altar of the Wu Jian Council.
  5375 | D:5      | Found a bloodstained altar of Trog.
  5382 | D:5      | Found a blossoming altar of Fedhas.
  5457 | D:5      | Found a stormy altar of Qazlal.
  5624 | D:5      | XOM: enchant monster (good)
  5784 | D:5      | XOM is BORED!
  5784 | D:5      | XOM: medium Conj miscast
  5817 | D:5      | XOM: cast spell 'Summon Ice Beast'
  6018 | D:5      | XOM: noise
  6024 | D:5      | XOM: noise
  6208 | D:5      | XOM: 3-stop teleportation journey
  6386 | D:5      | Found a radiant altar of Vehumet.
  6462 | D:5      | Found a hide-covered altar of Uskayaw.
  6889 | D:6      | Found a sand-covered staircase.
  6889 | D:6      | XOM: 6-stop teleportation journey
  6892 | D:6      | XOM: swap monsters
  6935 | Ossuary  | Entered an ossuary
  6954 | Ossuary  | XOM: harmless Tloc miscast
  6995 | Ossuary  | Gained mutation: You are mostly covered in yellow scales. (AC +3) [demonic ancestry]
  6995 | Ossuary  | Reached XP level 8. HP: 57/65 MP: 13/13
  7107 | Ossuary  | XOM: 1-stop teleportation journey
  7190 | Ossuary  | XOM: polymorph adder -> hound
  7202 | Ossuary  | XOM: summons friendly iron imp
  7367 | Ossuary  | XOM: confusion (+ monsters)
  7445 | Ossuary  | XOM: confuse monster(s)
  7670 | D:6      | XOM: chaos upgrade
  8054 | D:6      | XOM: swap monsters
  8062 | D:6      | XOM: enchant monster (good)
  8104 | D:6      | Reached skill level 5 in Dodging
  8126 | D:6      | XOM: scenery: 1 doors close
  8220 | D:6      | Found a burning altar of Makhleb.
  8220 | D:6      | Noticed Sigmund
  8374 | D:6      | Reached skill level 2 in Polearms
  8385 | D:6      | XOM: summons friendly quasit
  8401 | D:6      | XOM: divination: detect creatures
  8403 | D:6      | XOM: confuse monster(s)
  8483 | D:5      | XOM: 6-stop teleportation journey
  8640 | D:6      | Reached XP level 9. HP: 66/74 MP: 15/15
  8697 | D:6      | Reached skill level 3 in Polearms
  8761 | D:6      | XOM: cloud trail
  8838 | D:6      | XOM: mild Conj miscast
  9183 | D:7      | XOM: medium Tloc miscast
  9244 | D:7      | XOM: mild Tloc miscast
  9427 | D:7      | XOM: summons friendly ufetubus
  9429 | D:7      | XOM: noise
  9430 | D:7      | Reached skill level 4 in Polearms
  9454 | D:7      | XOM: polymorph worker ant -> worm
  9455 | D:7      | Reached skill level 1 in Evocations
  9460 | D:7      | Gained mutation: You possess an exceptional clarity of mind. [mutagenic meat]
  9597 | D:7      | XOM: severe Fire miscast
 10035 | D:7      | XOM: god gift: 4 steel javelins
 10179 | D:7      | Killed an unseen horror
 10179 | D:7      | Reached skill level 5 in Polearms
 10279 | D:7      | XOM: 1-stop teleportation journey
 10434 | D:7      | XOM: confuse monster(s)
 10435 | D:7      | Reached skill level 6 in Polearms
 10452 | D:7      | XOM: scenery: 1 doors close
 10918 | D:7      | XOM: give mutations
 10918 | D:7      | Gained mutation: Your muscles are strong. (Str +2) [Xom's grace]
 10918 | D:7      | Gained mutation: You have very sharp teeth. [Xom's grace]
 10918 | D:7      | Gained mutation: You have a pair of small horns on your head. [Xom's grace]
 10918 | D:7      | Gained mutation: You are completely covered in yellow scales. (AC +4, rCorr) [Xom's grace]
 11015 | D:8      | Noticed Psyche
 11218 | D:8      | XOM: fog
 11297 | D:8      | Reached skill level 7 in Polearms
 11297 | D:8      | Gained mutation: You are slightly more attuned to the shadows. [demonic ancestry]
 11297 | D:8      | Reached XP level 10. HP: 71/81 MP: 16/16
 11391 | D:7      | XOM: cloud trail
 11532 | D:7      | XOM: give mutations
 11532 | D:7      | Gained mutation: Your system is resistant to poisons. (rPois) [Xom's grace]
 11532 | D:7      | Lost mutation: You have very sharp teeth. [Xom's grace]
 11532 | D:7      | Gained mutation: You have a beak for a mouth. [Xom's grace]
 11552 | D:8      | idiot
 11557 | D:8      | XOM: confuse monster(s)
 11568 | D:7      | XOM: give mutations
 11568 | D:7      | Gained mutation: Your flesh is cold resistant. (rC+) [Xom's grace]
 11568 | D:7      | Gained mutation: You have a pair of horns on your head. [Xom's grace]
 11596 | D:8      | Killed Psyche
 11764 | D:8      | XOM: 3-stop teleportation journey
 12025 | D:8      | Reached skill level 5 in Evocations
 12054 | D:8      | XOM: mild Chrm miscast
 12103 | D:8      | Got a scorched falchion
 12279 | D:8      | Reached skill level 8 in Polearms
 12290 | D:8      | XOM: enchant monster (good)
 12344 | D:8      | XOM: god gift: 2 tomahawks of dispersal
 12384 | D:8      | XOM: give mutation
 12384 | D:8      | Gained mutation: Your spells are a little harder to cast, but a little more powerful. [Xom's grace]
 12648 | D:8      | XOM: summons 5 friendly demons
 12676 | D:8      | XOM: enchant monster (good)
 12678 | D:8      | XOM: cleaving
 12680 | D:8      | XOM: god gift: book of Misfortune
 12780 | D:8      | Learned a level 2 spell: Passwall
 12806 | D:8      | XOM: divination: detect items
 12814 | D:8      | XOM: divination: detect items
 12819 | D:8      | XOM: noise
 12829 | D:8      | XOM: silly message
 12912 | D:8      | XOM: enchant monster (bad)
 12918 | D:8      | XOM: enchant monster (good)
 12921 | D:8      | XOM: enchant monster (bad)
 12927 | D:8      | XOM: mild Tloc miscast
 13052 | D:8      | XOM: cast spell 'Olgreb's Toxic Radiance'
 13154 | D:8      | XOM: potion effect (agility)
 13155 | D:8      | XOM: give mutation
 13155 | D:8      | Gained mutation: Scrolls take you a little longer to read. [Xom's mischief]
 13174 | D:8      | Reached skill level 9 in Polearms
 13210 | D:8      | Found a staircase to the Lair.
 13285 | D:8      | XOM: scenery: create altars
 13374 | D:9      | XOM: medium Pois miscast
 13407 | D:9      | Found Yxtetubb's Jewellery Shop.
 13427 | D:9      | Bought an uncursed ring of protection from magic for 350 gold pieces
 13435 | D:9      | Learned a level 5 spell: Yara's Violent Unravelling
 13519 | D:9      | Noticed Gastronok
 14026 | D:9      | XOM: butterfly on damage
 14044 | D:9      | XOM: cleaving
 14047 | D:9      | XOM: destruction
 14052 | D:9      | Killed Gastronok
 14052 | D:9      | Mutation became permanent: You are mostly covered in yellow scales. (AC +3) [demonic ancestry]
 14052 | D:9      | Gained mutation: You are completely covered in yellow scales. (AC +4, rCorr) [demonic ancestry]
 14052 | D:9      | Reached XP level 11. HP: 60/86 MP: 11/17
 14184 | D:9      | XOM: give mutations
 14184 | D:9      | Gained mutation: Your spells are harder to cast, but more powerful. [Xom's grace]
 14184 | D:9      | Gained mutation: Your flesh is very cold resistant. (rC++) [Xom's grace]
 14184 | D:9      | Gained mutation: Your spells are much harder to cast, but much more powerful. [Xom's grace]
 14184 | D:9      | Gained mutation: You can translocate small distances at will. [Xom's grace]
 14229 | D:9      | XOM: fog
 14284 | D:9      | XOM: divination: detect creatures
 14411 | D:9      | Learned a level 4 spell: Summon Lightning Spire
 14524 | D:9      | XOM: fog
 14537 | D:9      | XOM: scenery: 1 doors open
 14766 | D:9      | XOM: scenery: 1 doors close
 14881 | D:9      | XOM: scenery: 1 doors open
 15249 | D:10     | Entered Level 10 of the Dungeon
 15285 | D:10     | Reached skill level 5 in Transmutations
 15286 | D:10     | XOM: 2-stop teleportation journey
 15369 | D:10     | Noticed a two-headed ogre
 15374 | D:10     | Killed a two-headed ogre
 15374 | D:10     | Reached skill level 10 in Polearms
 15664 | D:10     | XOM: harmless Conj miscast
 15702 | D:10     | XOM: scenery: 1 doors close
 15887 | D:10     | Reached skill level 5 in Spellcasting
 16179 | D:11     | XOM: god gift: 3 scrolls labeled JAQETTI PUSK {god gift}
 16306 | D:11     | Banished an unseen horror
 16338 | D:11     | XOM: noise
 16575 | D:11     | Noticed a two-headed ogre
 16589 | D:11     | XOM: 3-stop teleportation journey
 16611 | D:11     | Killed a two-headed ogre
 16853 | D:11     | XOM: give mutations
 16853 | D:11     | Gained mutation: Your mind is acute. (Int +2) [Xom's grace]
 16853 | D:11     | Gained mutation: You are somewhat resistant to further mutation. [Xom's grace]
 16853 | D:11     | Gained mutation: You have sharp fingernails. [Xom's grace]
 16853 | D:11     | Gained mutation: You have a pair of large horns on your head. [Xom's grace]
 16859 | D:11     | XOM: god gift: 8 silver javelins
 16872 | D:11     | Learned a level 6 spell: Statue Form
 16889 | D:11     | Reached skill level 1 in Earth Magic
 17304 | D:11     | Noticed a two-headed ogre
 17304 | D:11     | XOM: confuse monster(s)
 17356 | D:10     | XOM: cleaving
 17519 | D:11     | Noticed a centaur warrior
 17530 | D:11     | XOM: summons 11 friendly demons
 17532 | D:11     | Killed a centaur warrior
 17614 | D:11     | XOM: medium Tloc miscast
 17721 | D:11     | Reached XP level 12. HP: 58/94 MP: 19/19
 17928 | D:11     | XOM: confuse monster(s)
 17935 | D:11     | Killed a two-headed ogre
 18017 | D:11     | Noticed an eight-headed hydra
 18121 | D:11     | XOM: give mutations
 18121 | D:11     | Lost mutation: You have a beak for a mouth. [Xom's grace]
 18121 | D:11     | Gained mutation: You have very sharp teeth. [Xom's grace]
 18121 | D:11     | Gained mutation: You are resistant to hostile enchantments. (MR+) [Xom's grace]
 18288 | D:12     | XOM: summons friendly shadow imp
 18517 | D:12     | XOM: mild Chrm miscast
 18618 | D:12     | Found a staircase to the Orcish Mines.
 18660 | D:12     | Reached skill level 11 in Polearms
 18697 | D:12     | XOM: summons 2 friendly demons
 19106 | D:12     | XOM: 2-stop teleportation journey
 19129 | D:12     | Noticed a six-headed hydra
 19170 | D:12     | XOM: cloud trail
 19256 | D:12     | XOM: 3-stop teleportation journey
 19393 | D:12     | Noticed a two-headed ogre
 19393 | D:12     | XOM: confuse monster(s)
 19401 | D:12     | Identified Doun's Almanac of Dislocated Flight (Xom gifted it to you on level 12 of the Dungeon)
 19401 | D:12     | XOM: god gift: Doun's Almanac of Dislocated Flight
 19402 | D:12     | Killed a two-headed ogre
 19443 | D:12     | XOM: scenery: create altars
 19517 | D:11     | XOM: divination: detect items
 19662 | D:12     | XOM: god gift: bread ration
 19712 | D:12     | Reached skill level 5 in Earth Magic
 19934 | D:12     | XOM: god gift: wand of confusion (?/48) {god gift}
 20088 | D:12     | XOM: divination: magic mapping
 20553 | D:8      | XOM: give mutations
 20553 | D:8      | Gained mutation: Your mind is very acute. (Int +4) [Xom's grace]
 20553 | D:8      | Lost mutation: You have very sharp teeth. [Xom's grace]
 20553 | D:8      | Gained mutation: You have a beak for a mouth. [Xom's grace]
 20553 | D:8      | Lost mutation: You are somewhat resistant to further mutation. [Xom's grace]
 20553 | D:8      | Gained mutation: You evolve. [Xom's grace]
 20553 | D:8      | Gained mutation: You are robust. (+10% HP) [Xom's grace]
 20586 | Lair:1   | Entered Level 1 of the Lair of Beasts
 20717 | Lair:1   | XOM: noise
 20764 | Lair:1   | Lost mutation: You are resistant to hostile enchantments. (MR+) [evolution]
 20854 | Lair:1   | Found a dark tunnel.
 20868 | Volcano  | Entered a volcano
 20912 | Volcano  | Noticed a centaur warrior
 20919 | Volcano  | Killed a centaur warrior
 20962 | Volcano  | XOM: 2-stop teleportation journey
 21004 | Volcano  | Found a radiant altar of Vehumet.
 21238 | Volcano  | Noticed a red draconian
 21238 | Volcano  | XOM: confuse monster(s)
 21260 | Volcano  | Killed a red draconian
 21592 | Lair:1   | XOM: god gift: wand of enslavement (?/24) {god gift}
 21752 | Lair:1   | XOM: divine lightning
 21753 | Lair:1   | XOM: polymorph yak -> human
 21896 | Lair:1   | XOM: confuse monster(s)
 21973 | Lair:1   | XOM: scenery: 1 doors open
 22343 | Lair:1   | XOM: cloud trail
 22614 | Lair:2   | Noticed Nergalle
 22624 | Lair:2   | XOM: give mutations
 22624 | Lair:2   | Gained mutation: You are agile. (Dex +2) [Xom's grace]
 22624 | Lair:2   | Gained mutation: You are very agile. (Dex +4) [Xom's grace]
 22624 | Lair:2   | Gained mutation: Your natural rate of healing is unusually fast. [Xom's grace]
 22624 | Lair:2   | Gained mutation: Your flesh is very heat resistant. (rF++) [Xom's grace]
 22647 | Lair:2   | Killed Nergalle
 22647 | Lair:2   | Reached XP level 13. HP: 110/110 MP: 20/20
 22721 | Lair:2   | XOM: god gift: wand of clouds (?/9) {god gift}
 22724 | Lair:2   | Noticed Fannar
 22724 | Lair:2   | XOM: fake destruction
 22802 | Lair:2   | XOM: scenery: create altars
 22820 | Lair:2   | XOM: polymorph yak -> raiju
 22965 | Lair:2   | Killed Fannar
 23117 | Lair:2   | XOM: cloud trail
 23210 | Lair:2   | XOM: 4-stop teleportation journey
 23237 | Lair:2   | XOM: fake destruction
 23240 | Lair:2   | XOM: scenery: create altars
 23427 | Lair:2   | XOM: scenery: create altars
 23731 | Lair:2   | XOM: cloud trail
 24023 | Lair:3   | Reached skill level 12 in Polearms
 24066 | Lair:3   | XOM: summons 4 friendly demons
 24090 | Lair:3   | XOM: polymorph elephant -> yaktaur
 24093 | Lair:3   | XOM: destruction
 24231 | Lair:3   | XOM: 6-stop teleportation journey
 24293 | Lair:3   | XOM: scenery: create altars
 24308 | Lair:3   | XOM: confuse monster(s)
 24314 | Lair:3   | XOM: fog
 24315 | Lair:3   | XOM: summons 3 friendly demons
 24355 | Lair:2   | XOM: god gift: chain mail {god gift}
 24441 | Lair:3   | XOM: destruction
 24597 | Lair:3   | XOM: 7-stop teleportation journey
 24614 | Lair:3   | XOM: scenery: create altars
 24680 | Lair:3   | XOM: cast spell 'Summon Butterflies'
 24727 | Lair:3   | Found a staircase to the Snake Pit.
 24839 | Lair:3   | XOM is BORED!
 24839 | Lair:3   | XOM: summons 5 hostile demons
 24948 | Lair:3   | XOM: summons 13 friendly demons
 25102 | Lair:4   | Noticed drasked's ghost (journeyman DEFE)
 25103 | Lair:4   | XOM: cast spell 'Summon Small Mammal'
 25117 | Lair:4   | XOM: give mutations
 25117 | Lair:4   | Gained mutation: You are covered in fur. (AC +1) [Xom's grace]
 25117 | Lair:4   | Gained mutation: You rapidly evolve. [Xom's grace]
 25117 | Lair:4   | Gained mutation: Your flesh is almost immune to the effects of cold. (rC+++) [Xom's grace]
 25117 | Lair:4   | Lost mutation: You rapidly evolve. [Xom's grace]
 25117 | Lair:4   | Lost mutation: You evolve. [Xom's grace]
 25117 | Lair:4   | Gained mutation: You are somewhat resistant to further mutation. [Xom's grace]
 25119 | Lair:4   | Killed drasked's ghost
 25259 | Lair:4   | XOM: god gift: 19 stones
 25479 | Lair:4   | XOM: cloud trail
 25512 | Lair:4   | Got an iridescent scythe
 25513 | Lair:4   | Identified the +4 scythe "Vurauc" {antimagic, *Rage +Rage rPois rC+ MR++} (You found it on level 4 of the Lair of Beasts)
 25655 | Lair:4   | XOM: scenery: create altars
 25715 | Lair:4   | XOM: harmless Fire miscast
 25828 | Lair:4   | XOM: harmless Hex miscast
 26004 | Lair:4   | XOM: enchant monster (good)
 26141 | Lair:4   | Found a staircase to the Shoals.
 26214 | Lair:5   | Identified 2 scrolls of acquirement
 26214 | Lair:5   | Found a labyrinth entrance.
 26216 | Lair:5   | )($%/$)(%#
 26224 | Lab      | Entered a labyrinth
 26374 | Lab      | XOM: god gift: meat ration
 26500 | Lab      | XOM: mild Necr miscast
 26523 | Lab      | Noticed a minotaur
 26536 | Lab      | Killed a minotaur
 26601 | Lab      | Lost mutation: Your muscles are strong. (Str +2) [potion of mutation]
 26601 | Lab      | Lost mutation: You possess an exceptional clarity of mind. [potion of mutation]
 26601 | Lab      | Lost mutation: Your flesh is very heat resistant. (rF++) [potion of mutation]
 26762 | Lair:5   | XOM: 5-stop teleportation journey
 26790 | Lair:5   | Found a viscous altar of Jiyva.
 26790 | Lair:5   | Found a staircase to the Slime Pits.
 26792 | Lair:5   | XOM: harmless Tloc miscast
 26937 | Lair:5   | XOM: enchant monster (bad)
 26988 | Lair:5   | Reached skill level 10 in Earth Magic
 27122 | Lair:5   | XOM: give mutations
 27122 | Lair:5   | Lost mutation: Your system is resistant to poisons. (rPois) [Xom's mischief]
 27122 | Lair:5   | Lost mutation: You are somewhat resistant to further mutation. [Xom's mischief]
 27122 | Lair:5   | Lost mutation: Scrolls take you a little longer to read. [Xom's mischief]
 27122 | Lair:5   | Lost mutation: You are robust. (+10% HP) [Xom's mischief]
 27150 | Lair:4   | XOM: cleaving
 27487 | D:11     | XOM: enchant monster (bad)
 27590 | D:8      | XOM: silly message
 27618 | D:8      | XOM: divination: magic mapping
 28169 | Lair:5   | XOM: divination: magic mapping
 28208 | Lair:6   | Entered Level 6 of the Lair of Beasts
 28240 | Lair:6   | Reached XP level 14. HP: 89/108 MP: 21/21
 28308 | Lair:6   | XOM: divination: detect items
 28445 | Lair:6   | Reached skill level 10 in Transmutations
 28459 | Lair:6   | XOM: fake destruction
 28703 | Lair:6   | Got a dazzling trident
 28704 | Lair:6   | Identified the +6 trident "Tormentor" {venom, +Fly rC+ Int+4} (You found it on level 6 of the Lair of Beasts)
 28753 | Lair:6   | XOM: polymorph polar bear -> hornet
 28793 | Lair:6   | XOM: potion effect (experience)
 28793 | Lair:6   | Reached XP level 15. HP: 110/113 MP: 22/22
 28799 | Lair:6   | Reached skill level 13 in Polearms
 28943 | Lair:6   | XOM: potion effect (brilliance)
 28971 | Lair:6   | XOM: summons friendly iron imp
 28977 | Lair:6   | XOM: silly message
 29012 | Lair:6   | XOM: confuse monster(s)
 29045 | Lair:6   | XOM: noise
 29047 | Lair:6   | Reached XP level 16. HP: 120/120 MP: 23/23
 29097 | Lair:6   | XOM: medium Ice miscast
 29111 | Lair:6   | XOM: god gift: 26 gold pieces
 29228 | Lair:6   | XOM: scenery: create altars
 29540 | D:9      | XOM: medium Hex miscast
 29623 | Orc:1    | Entered Level 1 of the Orcish Mines
 29623 | Orc:1    | Noticed Erolcha
 29639 | Orc:1    | Killed Erolcha
 29645 | Orc:1    | XOM: harmless Air miscast
 29752 | Orc:1    | XOM: 1-stop teleportation journey
 29963 | Orc:1    | XOM is BORED!
 29963 | Orc:1    | XOM: medium Pois miscast
 30064 | Orc:2    | Entered Level 2 of the Orcish Mines
 30129 | Orc:2    | Found a roughly hewn altar of Beogh.
 30153 | Orc:2    | Found a flickering gateway to a bazaar.
 30275 | Orc:2    | Found a staircase to the Elven Halls.
 30353 | Orc:2    | Found a roughly hewn altar of Beogh.
 30353 | Orc:2    | XOM: confuse monster(s)
 30455 | Bazaar   | Entered a bazaar
 30474 | Bazaar   | Found Aserr's Distillery.
 30496 | Bazaar   | Found Quur's Antique Armour Shoppe.
 30528 | Bazaar   | Found Faskaloi's Weapon Shoppe.
 30539 | Bazaar   | Found Kump's Distillery.
 30550 | Bazaar   | Found Teklaopazu's Distillery.
 30555 | Bazaar   | Bought a potion of degeneration for 9 gold pieces
 30565 | Bazaar   | Bought a potion of resistance for 90 gold pieces
 30565 | Bazaar   | Bought a potion of curing for 27 gold pieces
 30565 | Bazaar   | Bought a potion of heal wounds for 45 gold pieces
 30565 | Bazaar   | Bought a potion of heal wounds for 45 gold pieces
 30565 | Bazaar   | Bought a potion of agility for 36 gold pieces
 30565 | Bazaar   | Bought a potion of curing for 27 gold pieces
 30565 | Bazaar   | Bought a potion of haste for 90 gold pieces
 30565 | Bazaar   | Bought a potion of agility for 36 gold pieces
 30572 | Bazaar   | XOM: god gift: sapphire potion {god gift}
 30612 | Bazaar   | Bought a potion of heal wounds for 75 gold pieces
 30612 | Bazaar   | Bought a potion of curing for 45 gold pieces
 30612 | Bazaar   | Bought a potion of might for 60 gold pieces
 30612 | Bazaar   | Bought a potion of curing for 45 gold pieces
 30612 | Bazaar   | Bought a potion of curing for 45 gold pieces
 30612 | Bazaar   | Bought 2 potions of heal wounds for 150 gold pieces
 30646 | Bazaar   | Bought a potion of might for 64 gold pieces
 30646 | Bazaar   | Bought a potion of heal wounds for 80 gold pieces
 30646 | Bazaar   | Bought a potion of flight for 48 gold pieces
 30646 | Bazaar   | Bought a potion of invisibility for 128 gold pieces
 30646 | Bazaar   | Bought a potion of agility for 64 gold pieces
 30646 | Bazaar   | Bought a potion of agility for 64 gold pieces
 30646 | Bazaar   | Bought a potion of degeneration for 16 gold pieces
 30646 | Bazaar   | Bought a potion of flight for 48 gold pieces
 30646 | Bazaar   | Bought a potion of agility for 64 gold pieces
 30646 | Bazaar   | Bought 2 potions of brilliance for 128 gold pieces
 30646 | Bazaar   | Bought a potion of mutation for 128 gold pieces
 30653 | Bazaar   | Learned a level 4 spell: Passage of Golubria
 30730 | Bazaar   | Bought a throwing net for 42 gold pieces
 30928 | Orc:2    | Found a roughly hewn altar of Beogh.
 30930 | Orc:2    | Found Tajeutum's Book Shoppe.
 31026 | Orc:2    | XOM: god gift: book of Annihilations
 31109 | Orc:2    | Found a roughly hewn altar of Beogh.
 31124 | Orc:2    | Found a roughly hewn altar of Beogh.
 31180 | Orc:2    | Found a roughly hewn altar of Beogh.
 31186 | Orc:2    | Found Hiereer's Book Emporium.
 31275 | Orc:2    | XOM: mild Tloc miscast
 31405 | Orc:2    | Found Yzuriud's Antique Weapon Shop.
 31406 | Orc:2    | Found a roughly hewn altar of Beogh.
 31406 | Orc:2    | Found Seygh's Antique Armour Boutique.
 31606 | D:13     | XOM: mild Pois miscast
 31616 | D:13     | Found a runed door.
 31963 | D:13     | XOM: silly message
 32012 | D:13     | XOM: harmless Summ miscast
 32085 | D:13     | XOM: harmless Necr miscast
 32103 | D:13     | Paralysed by an orc sorcerer for 4 turns
 32179 | D:13     | XOM: enchant monster (good)
 32210 | D:13     | XOM: polymorph yaktaur -> shapeshifter
 32231 | D:13     | Found a gate to the Vaults.
 32248 | D:13     | Reached skill level 14 in Polearms
 32261 | D:13     | XOM: mild Fire miscast
 32411 | D:13     | XOM: give mutation
 32411 | D:13     | Gained mutation: You are somewhat resistant to further mutation. [Xom's grace]
 32502 | D:13     | XOM: destruction
 32510 | D:13     | XOM: stat loss: -1 Dex (19/20)
 32665 | D:13     | XOM: 1-stop teleportation journey
 32857 | D:14     | Found a frozen archway.
 32878 | IceCv    | Entered an ice cave
 32878 | IceCv    | Noticed drasked's ghost (journeyman DEFE)
 32884 | IceCv    | Killed drasked's ghost
 32893 | IceCv    | Gained mutation: You are significantly more attuned to the shadows. [demonic ancestry]
 32893 | IceCv    | Reached XP level 17. HP: 126/126 MP: 20/24
 32909 | IceCv    | XOM: divination: detect creatures
 33032 | IceCv    | XOM: harmless Hex miscast
 33109 | IceCv    | XOM: noise
 33152 | IceCv    | XOM: cloud trail
 33290 | IceCv    | XOM: god gift: potion of curing
 33421 | IceCv    | XOM: 10-stop teleportation journey
 33469 | D:14     | Noticed Starchild's ghost (journeyman FoFi)
 33489 | D:14     | Killed Starchild's ghost
 33490 | D:14     | XOM: give mutations
 33490 | D:14     | Gained mutation: You possess an exceptional clarity of mind. [Xom's grace]
 33490 | D:14     | Gained mutation: You have very sharp fingernails. [Xom's grace]
 33490 | D:14     | Gained mutation: You are resistant to electric shocks. (rElec) [Xom's grace]
 33512 | D:14     | Noticed Kirke
 33519 | D:14     | Killed Kirke
 33529 | D:14     | Found a corrupted altar of Lugonu.
 33535 | D:14     | XOM: cast spell 'Discord'
 33728 | D:14     | XOM: 2-stop teleportation journey
 34245 | D:15     | Entered Level 15 of the Dungeon
 34340 | D:15     | XOM: chaos upgrade
 34341 | D:15     | XOM: noise
 34397 | D:15     | Reached skill level 15 in Polearms
 34658 | D:15     | XOM: 5-stop teleportation journey
 34696 | D:15     | XOM: harmless Tloc miscast
 34724 | D:15     | Found a staircase to the Depths.
 34727 | D:15     | XOM: harmless Ice miscast
 34737 | D:15     | XOM: summons 8 friendly demons
 34793 | D:15     | XOM: 5-stop teleportation journey
 34881 | D:15     | XOM: god gift: 8 needles of confusion
 34898 | D:15     | XOM: smoke on damage
 35532 | D:15     | XOM: divination: magic mapping
 35633 | D:15     | XOM: divination: detect items
 35948 | Snake:1  | Entered Level 1 of the Snake Pit
 36317 | Snake:1  | Found Teno's General Store.
 36329 | Snake:1  | Found Kytsaps's Gadget Boutique.
 36329 | Snake:1  | Found Poemnam's Assorted Antiques.
 36330 | Snake:1  | XOM: harmless Air miscast
 36333 | Snake:1  | XOM: harmless Hex miscast
 36399 | Snake:1  | Found Jaboupemm's Book Shop.
 36667 | Snake:1  | XOM: destruction
 36669 | Snake:1  | Reached skill level 16 in Polearms
 36978 | Snake:2  | Noticed Aizul
 36987 | Snake:2  | XOM: divine lightning
 36993 | Snake:2  | Killed Aizul
 37297 | Snake:2  | XOM: god gift: 1250 gold pieces
 37482 | Snake:2  | XOM: divination: magic mapping
 37488 | Snake:2  | XOM: summons 8 friendly demons
 37490 | Snake:2  | XOM: destruction
 37716 | Snake:2  | XOM: give mutation
 37716 | Snake:2  | Lost mutation: Your spells are much harder to cast, but much more powerful. [Xom's mischief]
 37724 | Snake:2  | XOM: enchant monster (good)
 37956 | Snake:2  | XOM: cloud trail
 38319 | Snake:2  | XOM: god gift: scroll of summoning
 38506 | Snake:3  | XOM: scenery: create altars
 38588 | Snake:3  | XOM: cast spell 'Dispersal'
 38606 | Snake:3  | XOM: fake destruction
 38611 | Snake:3  | Reached skill level 17 in Polearms
 38611 | Snake:3  | Gained mutation: You resist negative energy. (rN+) [demonic ancestry]
 38611 | Snake:3  | Reached XP level 18. HP: 132/132 MP: 21/25
 38978 | Snake:4  | Entered Level 4 of the Snake Pit
 39026 | Snake:4  | XOM: polymorph naga -> bullfrog
 39111 | Snake:4  | XOM: blink monster(s)
 39308 | Snake:4  | XOM: confuse monster(s)
 39330 | Snake:4  | XOM: noise
 39484 | Snake:4  | Noticed Vashnia
 39631 | Snake:4  | Noticed Agnes
 39639 | Snake:4  | Killed Agnes
 39639 | Snake:4  | XOM: medium Tloc miscast
 39639 | Snake:4  | Cast into level 3 of the Abyss (the capriciousness of Xom)
 39773 | Abyss:3  | XOM: enchant monster (bad)
 39776 | Abyss:3  | XOM: fog
 39784 | Abyss:3  | XOM: potion effect (might)
 39802 | Abyss:3  | XOM: swap monsters
 39830 | Abyss:3  | Reached skill level 18 in Polearms
 39872 | Snake:4  | Escaped the Abyss
 39980 | Snake:4  | XOM: noise
 40017 | Snake:4  | Noticed Vashnia
 40017 | Snake:4  | Vashnia changed into Vashnia the azure jelly
 40017 | Snake:4  | XOM: polymorph Vashnia -> Vashnia the azure jelly
 40021 | Snake:4  | Killed Vashnia the azure jelly
 40086 | Snake:4  | XOM: polymorph naga -> boggart
 40384 | Snake:4  | XOM: noise
 40457 | Snake:4  | XOM: polymorph naga warrior -> swamp worm
 40485 | Snake:4  | XOM: cast spell 'Dispersal'
 40493 | Snake:4  | XOM: polymorph naga mage -> troll
 40765 | Snake:4  | XOM: harmless Erth miscast
 40769 | Snake:4  | XOM: scenery: create altars
 40843 | Snake:4  | Reached skill level 19 in Polearms
 40863 | Snake:4  | XOM: enchant monster (bad)
 40916 | Snake:4  | XOM: god gift: 27 arrows
 40964 | Snake:4  | XOM: chaos cloud
 40965 | Snake:4  | Paralysed by you for 3 turns
 40966 | Snake:4  | XOM: enchant monster (bad)
 40975 | Snake:4  | XOM: cast spell 'Olgreb's Toxic Radiance'
 40988 | Snake:4  | XOM: divination: magic mapping
 41078 | Snake:4  | XOM: harmless Fire miscast
 41082 | Snake:4  | XOM: confuse monster(s)
 41100 | Snake:4  | XOM: potion effect (invisibility)
 41125 | Snake:4  | XOM: noise
 41138 | Snake:4  | XOM: scenery: create altars
 41139 | Snake:4  | XOM: severe Air miscast
 41483 | Snake:4  | Got a serpentine rune of Zot
 41587 | Snake:4  | XOM: polymorph naga warrior -> slime creature
 41593 | Snake:4  | XOM: scenery: 1 doors close
 41596 | Snake:4  | XOM: blink monster(s)
 41878 | Shoals:1 | Entered Level 1 of the Shoals
 41936 | Shoals:1 | Reached XP level 19. HP: 138/138 MP: 26/26
 42119 | Shoals:1 | XOM: polymorph faun -> anaconda
 42336 | Shoals:1 | XOM: smoke on damage
 42418 | Shoals:1 | Reached skill level 20 in Polearms
 42746 | Shoals:1 | XOM: harmless Pois miscast
 42945 | Shoals:1 | XOM: noise
 43138 | Shoals:2 | Found Feitu's General Store.
 43138 | Shoals:2 | XOM: 3-stop teleportation journey
 43214 | Shoals:2 | XOM: noise
 43223 | Shoals:2 | XOM: potion effect (curing)
 43346 | Shoals:2 | XOM: summons 4 friendly demons
 43347 | Shoals:2 | XOM: confuse monster(s)
 43484 | Shoals:2 | XOM: swap monsters
 43962 | Shoals:3 | Noticed Roxanne
 44050 | Shoals:3 | Reached skill level 1 in Summonings
 44102 | Shoals:3 | Reached skill level 1 in Air Magic
 44334 | Shoals:3 | XOM: harmless Ice miscast
 44354 | Shoals:3 | XOM: mild Air miscast
 44582 | Shoals:4 | XOM: noise
 44582 | Shoals:4 | Entered Level 4 of the Shoals
 44759 | Shoals:4 | XOM: blink monster(s)
 44789 | Shoals:4 | Noticed Ilsuiw
 44844 | Shoals:3 | XOM: cast spell 'Summon Ice Beast'
 44995 | Shoals:4 | Killed Ilsuiw
 45274 | Shoals:4 | XOM: swap monsters
 45326 | Shoals:4 | XOM: summons 2 hostile shadow creatures
 45345 | Shoals:4 | XOM: chaos upgrade
 45523 | Shoals:4 | Found Yreabusk's Distillery.
 45564 | Shoals:4 | Identified the amulet "Xuneustre" {-Tele +Rage rElec rPois} (You took it off a merfolk on level 4 of the Shoals)
 45677 | Shoals:4 | XOM: mild Fire miscast
 45735 | Shoals:4 | Got a barnacled rune of Zot
 45769 | Shoals:4 | Found Cyqotiomn's Book Emporium.
 45775 | Shoals:4 | Found Hiamech's Distillery.
 45800 | Shoals:4 | Found Koagoik's Weapon Shop.
 45815 | Shoals:4 | Reached skill level 1 in Translocations
 45858 | Shoals:4 | Found Kuxaac's Antique Armour Shoppe.
 45866 | Shoals:4 | Reached skill level 5 in Summonings
 45895 | Shoals:4 | Identified the Handbook of Enthralling Air
 46423 | D:12     | XOM: harmless Pois miscast
 46483 | D:13     | XOM: mild Chrm miscast
 46491 | Vaults:1 | Entered Level 1 of the Vaults
 46650 | Vaults:1 | XOM: potion effect (agility)
 46656 | Vaults:1 | XOM: god gift: 36 gold pieces
 46760 | Vaults:1 | XOM: cast spell 'Ring of Flames'
 46761 | Vaults:1 | XOM: polymorph ogre mage -> redback
 47066 | Vaults:1 | XOM: scenery: 1 doors open
 47287 | Vaults:1 | XOM: give mutation
 47287 | Vaults:1 | Lost mutation: You have a pair of large horns on your head. [Xom's mischief]
 47430 | Vaults:1 | Reached skill level 5 in Translocations
 47430 | Vaults:1 | Gained mutation: You are immune to clouds of flame. [demonic ancestry]
 47430 | Vaults:1 | Reached XP level 20. HP: 145/145 MP: 25/29
 47759 | Vaults:1 | XOM: give mutations
 47759 | Vaults:1 | Gained mutation: You have claws for hands. [Xom's grace]
 47759 | Vaults:1 | Gained mutation: You are robust. (+10% HP) [Xom's grace]
 48049 | Vaults:2 | XOM: noise
 48098 | Vaults:1 | XOM: confuse monster(s)
 48117 | Vaults:1 | XOM: give mutations
 48117 | Vaults:1 | Gained mutation: You have supernaturally acute eyesight. (SInv) [Xom's grace]
 48117 | Vaults:1 | Gained mutation: You have a pair of large horns on your head. [Xom's grace]
 48323 | Vaults:2 | XOM: enchant monster (good)
 48327 | Vaults:2 | XOM: noise
 48332 | Vaults:2 | XOM: potion effect (agility)
 48333 | Vaults:2 | XOM: cast spell 'Metabolic Englaciation'
 48354 | Vaults:2 | XOM: summons friendly white imp
 48383 | Vaults:2 | XOM: cast spell 'Leda's Liquefaction'
 48481 | Vaults:1 | XOM: mild Summ miscast
 48517 | Vaults:2 | XOM: give mutations
 48517 | Vaults:2 | Lost mutation: You have supernaturally acute eyesight. (SInv) [Xom's mischief]
 48517 | Vaults:2 | Lost mutation: You can translocate small distances at will. [Xom's mischief]
 48605 | Vaults:2 | Lost mutation: You are very agile. (Dex +4) [mutagenic glow]
 48985 | Vaults:2 | XOM: scenery: 1 doors close
 48988 | Vaults:2 | XOM: summons friendly quasit
 48989 | Vaults:2 | XOM: polymorph acid dragon -> steam dragon
 49144 | Vaults:2 | XOM: give mutations
 49144 | Vaults:2 | Lost mutation: Your mind is very acute. (Int +4) [Xom's mischief]
 49144 | Vaults:2 | Lost mutation: Your spells are harder to cast, but more powerful. [Xom's mischief]
 49144 | Vaults:2 | Lost mutation: You are robust. (+10% HP) [Xom's mischief]
 49502 | Vaults:2 | Found Hifiqus's Armour Shoppe.
 49550 | Vaults:2 | Reached skill level 21 in Polearms
 49551 | Vaults:2 | XOM: summons friendly quasit
 49680 | Vaults:2 | XOM: god gift: chain mail {god gift}
 49792 | Vaults:1 | XOM: give mutations
 49792 | Vaults:1 | Lost mutation: You have a pair of large horns on your head. [Xom's mischief]
 49792 | Vaults:1 | Lost mutation: You have a pair of horns on your head. [Xom's mischief]
 50134 | Vaults:3 | XOM: summons 12 friendly demons
 50143 | Vaults:3 | XOM: enchant monster (good)
 50301 | Vaults:3 | XOM: god gift: short runed staff {god gift}
 50331 | Vaults:3 | XOM: scenery: 1 doors open, 1 doors close
 50511 | Vaults:3 | XOM: scenery: create altars
 50524 | Vaults:3 | XOM: enchant monster (good)
 50633 | Vaults:3 | XOM: cast spell 'Call Canine Familiar'
 50826 | Vaults:3 | XOM: cast spell 'Disjunction'
 51089 | Vaults:3 | XOM: polymorph ironbrand convoker -> ironbrand convoker
 51310 | Vaults:3 | XOM: polymorph brown ugly thing -> something unseen
 51705 | Vaults:3 | XOM: harmless Summ miscast
 51753 | Vaults:3 | Reached skill level 22 in Polearms
 52047 | Vaults:4 | XOM: chaos upgrade
 52052 | Vaults:4 | Reached XP level 21. HP: 150/150 MP: 30/30
 52292 | Vaults:4 | XOM: summons 2 hostile shadow creatures
 52437 | Vaults:4 | XOM: destruction
 52454 | Vaults:4 | XOM: noise
 52456 | Vaults:4 | XOM: noise
 52457 | Vaults:4 | XOM: blink monster(s)
 52647 | Vaults:4 | XOM: cleaving
 52659 | Vaults:4 | XOM: give mutation
 52659 | Vaults:4 | Gained mutation: Your system is resistant to poisons. (rPois) [Xom's grace]
 52666 | Vaults:4 | XOM: harmless Summ miscast
 52760 | Vaults:4 | XOM: swap monsters
 52794 | Vaults:4 | XOM: polymorph deep elf sorcerer -> emperor scorpion
 52857 | Vaults:4 | XOM: harmless Hex miscast
 52973 | Vaults:4 | XOM: torment (129/195 hp)
 52980 | Vaults:4 | XOM: swap monsters
 53077 | Vaults:4 | XOM: mild Pois miscast
 53129 | Vaults:4 | XOM: noise
 53139 | Vaults:4 | Reached skill level 23 in Polearms
 53230 | Vaults:4 | XOM: enchant monster (good)
 53234 | Vaults:4 | XOM: cast spell 'Monstrous Menagerie'
 53366 | Vaults:4 | XOM: give mutations
 53366 | Vaults:4 | Gained mutation: Your muscles are strong. (Str +2) [Xom's grace]
 53366 | Vaults:4 | Gained mutation: You have a pair of horns on your head. [Xom's grace]
 53366 | Vaults:4 | Gained mutation: You heal very quickly. [Xom's grace]
 53366 | Vaults:4 | Gained mutation: You have supernaturally acute eyesight. (SInv) [Xom's grace]
 53408 | Vaults:4 | XOM: enchant monster (good)
 53421 | Vaults:4 | XOM: give mutations
 53421 | Vaults:4 | Gained mutation: You are robust. (+10% HP) [Xom's grace]
 53421 | Vaults:4 | Gained mutation: You can translocate small distances at will. [Xom's grace]
 53421 | Vaults:4 | Gained mutation: You have a pair of large horns on your head. [Xom's grace]
 53421 | Vaults:4 | Gained mutation: You are very agile. (Dex +4) [Xom's grace]
 53428 | Vaults:4 | XOM: summons friendly shadow imp
 53486 | Vaults:4 | XOM: confuse monster(s)
 53666 | Vaults:4 | XOM: divination: detect items
 53800 | Vaults:4 | XOM: scenery: create altars
 53884 | Vaults:4 | XOM: divine lightning
 53888 | Vaults:4 | XOM: silly message
 54228 | Vaults:2 | XOM: mild Fire miscast
 54231 | Vaults:3 | XOM: harmless Necr miscast
 54304 | Vaults:2 | XOM: stat loss: -1 Int (25/26)
 54342 | Vaults:2 | XOM: mild Necr miscast
 54403 | Vaults:2 | XOM: chaos cloud
 54448 | Vaults:2 | XOM: summons 5 friendly demons
 54704 | Vaults:2 | Reached skill level 24 in Polearms
 54753 | Vaults:2 | XOM: draining
 54834 | Vaults:2 | XOM: noise
 54949 | Vaults:2 | Found a staircase to the Crypt.
 54958 | Vaults:2 | Gained mutation: You are somewhat able to resist unholy torments (1 in 2 success). [demonic ancestry]
 54958 | Vaults:2 | Reached XP level 22. HP: 172/172 MP: 31/31
 55299 | Vaults:2 | XOM: give mutations
 55299 | Vaults:2 | Gained mutation: You are covered in thick fur. (AC +2) [Xom's grace]
 55299 | Vaults:2 | Gained mutation: Your spells are harder to cast, but more powerful. [Xom's grace]
 55299 | Vaults:2 | Gained mutation: Your mind is very acute. (Int +4) [Xom's grace]
 55299 | Vaults:2 | Lost mutation: You are somewhat resistant to further mutation. [Xom's grace]
 55299 | Vaults:2 | Gained mutation: You evolve. [Xom's grace]
 55300 | Crypt:1  | Entered Level 1 of the Crypt
 55311 | Crypt:1  | Noticed Bai Suzhen
 55321 | Crypt:1  | XOM: harmless Summ miscast
 55322 | Crypt:1  | Killed Bai Suzhen
 55467 | Crypt:1  | Noticed Sojobo
 55479 | Crypt:1  | XOM: medium Erth miscast
 55482 | Crypt:1  | Killed Sojobo
 55597 | Crypt:1  | XOM: give mutations
 55597 | Crypt:1  | Lost mutation: You have a pair of large horns on your head. [Xom's mischief]
 55597 | Crypt:1  | Lost mutation: You are robust. (+10% HP) [Xom's mischief]
 55619 | Crypt:1  | XOM: mild Tloc miscast
 55898 | Crypt:1  | XOM: give mutation
 55898 | Crypt:1  | Lost mutation: You evolve. [Xom's mischief]
 56121 | Crypt:1  | XOM: medium Summ miscast
 56151 | Crypt:2  | XOM: mild Erth miscast
 56152 | Crypt:2  | Noticed Xtahua
 56170 | Crypt:1  | XOM: harmless Conj miscast
 56257 | Crypt:1  | XOM: harmless Chrm miscast
 56295 | Crypt:1  | Killed Xtahua
 56555 | Crypt:2  | Reached skill level 25 in Polearms
 56966 | Crypt:2  | XOM: swap monsters
 56967 | Crypt:2  | XOM: smoke on damage
 57336 | Crypt:3  | Entered Level 3 of the Crypt
 57345 | Crypt:3  | Found a staircase to the Tomb.
 57384 | Crypt:3  | XOM: summons 5 hostile demons
 57499 | Crypt:3  | XOM: god gift: scroll of brand weapon
 57751 | Crypt:3  | XOM: scenery: create altars
 57803 | Crypt:3  | XOM: summons friendly crimson imp
 57805 | Crypt:3  | XOM: cast spell 'Summon Small Mammal'
 57815 | Crypt:3  | XOM: divination: magic mapping
 57826 | Crypt:3  | XOM: fog
 57839 | Crypt:3  | XOM: divination: detect creatures
 57869 | Crypt:3  | XOM: divine lightning
 57875 | Crypt:3  | XOM: destruction
 57928 | Crypt:3  | XOM: give mutation
 57928 | Crypt:3  | Gained mutation: You have a pair of large horns on your head. [Xom's grace]
 58076 | Crypt:3  | Found a basalt altar of Yredelemnul.
 58105 | Crypt:3  | Noticed an ancient lich
 58110 | Crypt:3  | XOM: smoke on damage
 58125 | Crypt:3  | Killed an ancient lich
 58127 | Crypt:3  | XOM: noise
 58128 | Crypt:3  | XOM: summons friendly ufetubus
 58168 | Crypt:3  | Got a scintillating bone ring
 58209 | Crypt:3  | Identified the ring "Xos Jerph" {rC+++ rN+} (You took it off a deep elf death mage on level 3 of the Crypt)
 58211 | Crypt:3  | Identified the ring "Ceyl" {rPois rC++ rN+ MR- Stlth+} (You found it on level 3 of the Crypt)
 58212 | Crypt:3  | Identified the ring of Geisuor {rN+ Stlth+} (You found it on level 3 of the Crypt)
 58215 | Crypt:3  | Identified the +4 halberd of Midwinter {venom, Dex+4} (You found it on level 3 of the Crypt)
 58269 | Crypt:3  | Reached XP level 23. HP: 162/163 MP: 32/32
 58272 | Crypt:3  | XOM: confuse monster(s)
 58334 | Crypt:3  | Reached skill level 26 in Polearms
 58390 | Crypt:3  | XOM: summons friendly ufetubus
 58454 | Crypt:3  | XOM: polymorph ufetubus -> white imp
 58509 | Crypt:3  | XOM: stat loss: -1 Dex (19/20)
 58559 | Crypt:3  | XOM: divine lightning
 58572 | Crypt:3  | XOM: god gift: 8 needles of confusion
 58573 | Crypt:3  | XOM: give mutation
 58573 | Crypt:3  | Gained mutation: Your muscles are very strong. (Str +4) [Xom's grace]
 58589 | Crypt:3  | XOM: enchant monster (good)
 58876 | Crypt:3  | XOM: divination: detect creatures
 58908 | Crypt:3  | XOM: confuse monster(s)
 58957 | Crypt:3  | XOM: mild Summ miscast
 58997 | Crypt:3  | XOM: god gift: mace {god gift}
 59476 | Depths:1 | Entered Level 1 of the Depths
 59482 | Depths:1 | XOM: noise
 59494 | Depths:1 | XOM: divination: detect items
 59496 | Depths:1 | XOM: fog
 59519 | Depths:1 | XOM: divine lightning
 59527 | Depths:1 | XOM: fake destruction
 59529 | Depths:1 | XOM: noise
 59542 | Depths:1 | XOM: medium Erth miscast
 59666 | Depths:1 | XOM is BORED!
 59666 | Depths:1 | XOM: polymorph yaktaur -> mana viper
 59703 | Depths:1 | Found a magical portal.
 59711 | WizLab   | Entered The Roulette of Golubria
 59711 | WizLab   | Found a transporter.
 59725 | WizLab   | Reached skill level 15 in Transmutations
 59769 | WizLab   | Found a transporter.
 59775 | WizLab   | Found a transporter.
 59846 | WizLab   | Found a transporter.
 59849 | WizLab   | Found a corrupted altar of Lugonu.
 59873 | WizLab   | Found a transporter.
 59880 | WizLab   | Found a transporter.
 59883 | WizLab   | XOM: medium Necr miscast
 59936 | WizLab   | Found a transporter.
 59990 | WizLab   | Found a transporter.
 60026 | WizLab   | Found a transporter.
 60055 | WizLab   | Found a transporter.
 60075 | WizLab   | Found a transporter.
 60233 | WizLab   | Found a transporter.
 60233 | WizLab   | Found a transporter.
 60256 | WizLab   | Found a transporter.
 60282 | WizLab   | Found a transporter.
 60282 | WizLab   | Found a transporter.
 60311 | WizLab   | Found a transporter.
 60330 | WizLab   | Identified Golubria's Catalogue of the Traveller
 60340 | WizLab   | Learned a level 3 spell: Teleport Other
 60347 | WizLab   | Found a corrupted altar of Lugonu.
 60362 | WizLab   | Found a transporter.
 60366 | WizLab   | Got a shimmering cloak
 60377 | WizLab   | Identified the cursed +0 cloak of Nom Vuro {rF- MR+ Str+4 Int+3} (You found it in a wizard's laboratory)
 60380 | WizLab   | Got a bloodstained cloak
 60391 | WizLab   | Identified the +0 cloak "Tekhlis" {rPois rF- rN++ Stlth+} (You found it in a wizard's laboratory)
 60402 | WizLab   | XOM: noise
 60409 | WizLab   | Got a spiked cloak
 60415 | WizLab   | Identified the +1 cloak of Entitlement {Slay+3} (You found it in a wizard's laboratory)
 60415 | WizLab   | XOM: harmless Chrm miscast
 60440 | WizLab   | XOM: medium Hex miscast
 60485 | WizLab   | XOM: polymorph ynoxinul -> neqoxec
 60511 | WizLab   | XOM: harmless Hex miscast
 60551 | WizLab   | XOM: stat loss: -1 Dex (19/20)
 60662 | WizLab   | Found a transporter.
 60662 | WizLab   | Found a transporter.
 61060 | Depths:1 | Found Faut's Gadget Shoppe.
 61061 | Depths:1 | Found Buwkey Hoyp's Jewellery Shop.
 61061 | Depths:1 | Found Aci Tuod's Gadget Shoppe.
 61086 | Depths:1 | Identified the amulet of the Hero {Faith rElec rPois Str-3 Dex+3} (You acquired it on level 1 of the Depths)
 61131 | Depths:1 | Found a gateway to Hell.
 61133 | Depths:1 | XOM: polymorph hell beast -> hellion
 61235 | Depths:1 | Found Punecubu's Distillery.
 61256 | Depths:1 | Bought a potion of heal wounds for 90 gold pieces
 61256 | Depths:1 | Bought a potion of cancellation for 144 gold pieces
 61547 | Depths:2 | Found a one-way gate to the infinite horrors of the Abyss.
 61559 | Depths:2 | Paralysed by a floating eye for 4 turns
 61562 | Depths:2 | XOM: harmless Fire miscast
 61815 | Depths:2 | Noticed Mara
 61815 | Depths:2 | XOM: summons 4 hostile shadow creatures
 61838 | Depths:2 | Killed Mara
 61857 | Depths:2 | Gained mutation: Your demonic aura causes spilled blood to erupt in flames. [demonic ancestry]
 61857 | Depths:2 | Reached XP level 24. HP: 169/169 MP: 35/35
 62220 | Depths:2 | XOM: potion effect (berserk rage)
 62271 | Depths:2 | Reached skill level 10 in Fighting
 62289 | Depths:2 | XOM: cast spell 'Call Canine Familiar'
 62545 | Depths:2 | XOM: noise
 62547 | Depths:2 | XOM: divination: magic mapping
 62626 | Depths:2 | Found a portal to a secret trove of treasure.
 62636 | Depths:2 | You paid a toll of 5 potions of resistance to enter a treasure trove
 62637 | Trove    | Entered a treasure trove
 62655 | Trove    | Learned a level 3 spell: Lesser Beckoning
 62657 | Trove    | Learned a level 1 spell: Apportation
 62680 | Trove    | Identified Sif Muna's Grimoire of Dusty Evil Rituals
 62687 | Trove    | Learned a level 3 spell: Regeneration
 62696 | Trove    | Learned a level 2 spell: Blink
 62956 | Depths:2 | XOM: scenery: create altars
 63063 | Depths:2 | XOM: polymorph white very ugly thing -> sphinx
 63117 | Depths:4 | Found Konoll's Gadget Emporium.
 63117 | Depths:4 | Found Hecemosuss's Gadget Emporium.
 63133 | Depths:4 | XOM: cast spell 'Summon Horrible Things'
 63142 | Depths:4 | Noticed Saint Roka
 63186 | Depths:4 | Killed Saint Roka
 63217 | Depths:4 | Found a shimmering altar of Xom.
 63229 | Depths:5 | Entered Level 5 of the Depths
 63313 | Depths:5 | XOM: enchant monster (bad)
 63326 | Depths:5 | XOM: god gift: book of Frost
 63357 | Depths:5 | XOM: medium Chrm miscast
 63399 | Depths:5 | XOM: god gift: animal skin {god gift}
 63492 | Depths:5 | Found a gateway to a ziggurat.
 63564 | Zig:1    | XOM: noise
 63564 | Zig:1    | Entered Level 1 of a ziggurat
 63576 | Zig:2    | Entered Level 2 of a ziggurat
 63591 | Zig:3    | Entered Level 3 of a ziggurat
 63613 | Zig:4    | Entered Level 4 of a ziggurat
 63644 | Zig:5    | Entered Level 5 of a ziggurat
 63654 | Zig:5    | XOM: fog
 63726 | Zig:6    | Entered Level 6 of a ziggurat
 63831 | Zig:7    | Entered Level 7 of a ziggurat
 63838 | Zig:7    | Noticed a juggernaut
 63854 | Zig:7    | XOM: polymorph orc warrior -> scorpion
 63857 | Zig:7    | XOM: polymorph scorpion -> warg
 63862 | Zig:7    | Killed a juggernaut
 63862 | Zig:7    | Reached skill level 10 in Dodging
 63885 | Zig:7    | XOM: god gift: potion of curing
 63947 | Zig:8    | Entered Level 8 of a ziggurat
 63960 | Zig:8    | Noticed an ancient lich
 63962 | Zig:8    | Reached skill level 1 in Charms
 63962 | Zig:8    | Reached skill level 1 in Necromancy
 63962 | Zig:8    | Gained mutation: You are completely attuned to the shadows. [demonic ancestry]
 63962 | Zig:8    | Reached XP level 25. HP: 186/186 MP: 30/35
 63967 | Zig:8    | Killed an ancient lich
 64111 | Zig:8    | Got a twitching ivory ring
 64112 | Zig:8    | Identified the ring of Youthful Indiscretion {rCorr Str+5 Int-2 Dex-3} (You found it on level 8 of a ziggurat)
 64134 | Zig:9    | Entered Level 9 of a ziggurat
 64158 | Zig:9    | XOM: divination: magic mapping
 64164 | Zig:9    | XOM: scenery: create altars
 64167 | Zig:9    | XOM: cast spell 'Summon Horrible Things'
 64175 | Zig:9    | XOM: summons friendly shadow imp
 64196 | Zig:9    | Identified the +2 pair of gloves "Orepn" {rC+ MP+9 Slay+3 SInv} (You found it on level 9 of a ziggurat)
 64214 | Zig:9    | Got a clouded platinum ring
 64215 | Zig:9    | Identified the ring "Giasigha" {+Fly AC+5 Slay+4} (You found it on level 9 of a ziggurat)
 64234 | Zig:10   | Entered Level 10 of a ziggurat
 64247 | Zig:10   | Noticed a juggernaut
 64271 | Zig:10   | Noticed a juggernaut
 64272 | Zig:10   | Noticed a juggernaut
 64276 | Zig:10   | Reached skill level 5 in Necromancy
 64279 | Zig:10   | Killed a juggernaut
 64284 | Zig:10   | XOM: divine lightning
 64288 | Zig:10   | HP: 4/241 [juggernaut (57)]
 64292 | Zig:10   | Killed a juggernaut
 64302 | Zig:10   | XOM: cleaving
 64303 | Zig:10   | XOM: confuse monster(s)
 64311 | Zig:10   | Killed a juggernaut
 64311 | Zig:10   | Reached skill level 5 in Charms
 64329 | Zig:10   | XOM: 3-stop teleportation journey
 64355 | Zig:10   | XOM: mild Chrm miscast
 64418 | Zig:10   | Identified the Collected Works on Unholy Feathers
 64690 | Depths:5 | Found a gate to the Realm of Zot.
 64971 | Depths:1 | XOM: noise
 65230 | Vaults:5 | Entered Level 5 of the Vaults
 65392 | Vaults:5 | Reached skill level 10 in Necromancy
 65396 | Vaults:5 | XOM: cast spell 'Statue Form'
 65398 | Vaults:5 | Noticed an ancient lich
 65404 | Vaults:5 | Killed an ancient lich
 65472 | Vaults:5 | XOM: summons friendly iron imp
 65512 | Vaults:5 | XOM: summons friendly iron imp
 65546 | Vaults:5 | XOM: summons friendly crimson imp
 65549 | Vaults:5 | XOM: potion effect (heal wounds)
 65559 | Vaults:5 | Reached XP level 26. HP: 193/193 MP: 35/35
 65560 | Vaults:5 | XOM: harmless Chrm miscast
 65589 | Vaults:5 | Reached skill level 10 in Charms
 65592 | Vaults:5 | XOM: cast spell 'Leda's Liquefaction'
 65601 | Vaults:5 | XOM: confuse monster(s)
 65650 | Vaults:5 | Got a silver rune of Zot
 65697 | Vaults:5 | XOM: god gift: 21 stones
 65703 | Vaults:5 | XOM: summons 4 friendly demons
 65740 | Vaults:5 | XOM: confuse monster(s)
 65744 | Vaults:5 | XOM: fake destruction
 65746 | Vaults:5 | XOM: god gift: potion of lignification
 65798 | Vaults:5 | Reached skill level 1 in Armour
 65798 | Vaults:5 | XOM: cleaving
 65803 | Vaults:5 | XOM: fake destruction
 65807 | Vaults:5 | XOM: cleaving
 65811 | Vaults:5 | XOM: fake destruction
 65813 | Vaults:5 | XOM: summons 2 friendly demons
 65937 | Vaults:5 | XOM: 2-stop teleportation journey
 65953 | Vaults:5 | XOM: potion effect (might)
 66009 | Vaults:4 | XOM: divination: detect items
 66178 | Vaults:1 | XOM: scenery: create altars
 66326 | Depths:2 | XOM: silly message
 66471 | Zot:1    | Entered Level 1 of the Realm of Zot
 66531 | Zot:1    | Reached skill level 5 in Armour
 66536 | Zot:1    | XOM: mild Conj miscast
 66541 | Zot:1    | XOM: summons 1 hostile demon
 66544 | Zot:1    | XOM: harmless Necr miscast
 66579 | Zot:1    | XOM: polymorph moth of wrath -> deep troll
 66607 | Zot:2    | XOM: harmless Tloc miscast
 66676 | Zot:2    | XOM: divination: magic mapping
 66744 | Zot:2    | XOM: swap monsters
 66764 | Zot:2    | XOM: chaos upgrade
 66771 | Zot:2    | XOM: chaos upgrade
 66802 | Zot:2    | Gained mutation: Your melee attacks may debilitate your foes. [demonic ancestry]
 66802 | Zot:2    | Reached XP level 27. HP: 205/205 MP: 35/35
 66873 | Zot:2    | XOM: harmless Chrm miscast
 67326 | D:12     | XOM: silly message
 67592 | Snake:1  | Bought a book of Battle for 560 gold pieces
 67596 | Snake:1  | Learned a level 3 spell: Spectral Weapon
 67599 | Snake:1  | Learned a level 2 spell: Song of Slaying
 67631 | Lair:3   | XOM: give mutations
 67631 | Lair:3   | Lost mutation: You are very agile. (Dex +4) [Xom's mischief]
 67631 | Lair:3   | Lost mutation: You can translocate small distances at will. [Xom's mischief]
 67631 | Lair:3   | Lost mutation: You possess an exceptional clarity of mind. [Xom's mischief]
 67631 | Lair:3   | Lost mutation: You are covered in thick fur. (AC +2) [Xom's mischief]
 68038 | Depths:5 | XOM: noise
 68065 | Depths:5 | XOM: give mutation
 68065 | Depths:5 | Gained mutation: You are very agile. (Dex +4) [Xom's grace]
 68196 | Zot:4    | Reached skill level 1 in Hexes
 68332 | Zot:4    | XOM: confusion
 68434 | Zot:4    | Reached skill level 5 in Hexes
 68447 | Zot:4    | XOM: harmless Chrm miscast
 68622 | Zot:4    | Reached skill level 15 in Fighting
 68765 | Zot:4    | XOM: scenery: create altars
 68905 | Zot:5    | Entered Level 5 of the Realm of Zot
 69302 | Zot:5    | Reached skill level 10 in Evocations
 69529 | Zot:5    | XOM: potion effect (might)
 69555 | Zot:5    | XOM: potion effect (brilliance)
 69582 | Zot:5    | Noticed an orb of fire
 69585 | Zot:5    | XOM: butterfly on damage
 69587 | Zot:5    | Killed an orb of fire
 69589 | Zot:5    | Noticed an orb of fire
 69589 | Zot:5    | Gained mutation: You are frail. (-10% HP) [an orb of fire]
 69600 | Zot:5    | Killed an orb of fire
 69608 | Zot:5    | Noticed an ancient lich
 69615 | Zot:5    | Killed an ancient lich
 69653 | Zot:5    | XOM: give mutation
 69653 | Zot:5    | Lost mutation: Your mind is very acute. (Int +4) [Xom's mischief]
 69689 | Zot:5    | Noticed an orb of fire
 69697 | Zot:5    | Lost mutation: You heal very quickly. [an orb of fire]
 69703 | Zot:5    | Killed an orb of fire
 69747 | Zot:5    | XOM: swap monsters
 69819 | Zot:5    | XOM: polymorph Orb Guardian -> catoblepas
 69863 | Zot:5    | XOM: summons friendly ufetubus
 69900 | Zot:5    | XOM: enchant monster (good)
 70048 | Zot:5    | XOM: cleaving
 70049 | Zot:5    | Noticed an ancient lich
 70191 | Zot:5    | Killed an ancient lich
 70191 | Zot:5    | Reached skill level 15 in Dodging
 70260 | Zot:5    | XOM: divination: detect items
 70265 | Zot:5    | XOM: enchant monster (good)
 70316 | Zot:5    | Got the Orb of Zot
 70324 | Zot:5    | XOM: god gift: glowing chain mail {god gift}
 70356 | Zot:5    | Noticed Puata the pandemonium lord
 70367 | Zot:5    | Killed Puata the pandemonium lord
 70418 | Zot:5    | XOM: god gift: 15 stones
 70436 | Zot:5    | Lost mutation: Your mind is acute. (Int +2) [a neqoxec]
 70552 | Zot:2    | XOM: summons friendly white imp
 70557 | Zot:2    | XOM: confuse monster(s)
 70586 | Zot:1    | XOM: confuse monster(s)
 70590 | Zot:1    | Noticed Quohais the pandemonium lord
 70591 | Zot:1    | XOM: confuse monster(s)
 70595 | Zot:1    | Killed Quohais the pandemonium lord
 70773 | Depths:2 | Lost mutation: You have a pair of large horns on your head. [a neqoxec]
 71249 | D:$      | Escaped with the Orb!

Vault maps used:
D:1:      ncdulo_halloftheorcs, roderic_roman_lattice, minmay_misc_feat_iff,
          st_stairs_3, minmay_misc_feat_square, okawaru_ov_weapons_minmay
D:2:      lemuel_doored_altar, roderic_chinese_pattern_swastika
D:3:      minmay_door_path
D:4:      xom_butterflies, minmay_temple_entry_enclosed_plants, first_bread,
          serial_bayou, serial_bayou_pond_a, serial_bayou_pond_c,
          serial_bayou_lagoon_b, serial_bayou_pond_d
D:5:      gammafunk_temple_overflow_forgotten, nicolae_overflow_crystal_walls,
          basic_altar, lemuel_statue_altar
D:6:      tso_oasis_becter, bloody_makhleb, enter_ossuary_3, uniq_sigmund
D:7:      grunt_ogre_cave
D:8:      erik_lair_dragon, minmay_mini_ossuary, uniq_psyche
D:9:      minmay_the_grid_3x2, serial_shops, nicolae_shop_waterfront,
          uniq_gastronok
D:12:     kennysheep_orc_monster_closet_entryway
D:13:     cheibrodos_shockbox, grunt_vaults_entry_fortified
D:14:     kennysheep_kobold_lugonu_temple, portal_ice_cave_demonic_guard,
          minivault_14, uniq_kirke
D:15:     hangedman_depths_entry_try_elsewhere_first, moated_statue
Lair:1:   nicolae_volcano_entry_batcave, infiniplex_staircase_pool,
          grunt_megastairs_5
Lair:2:   serial_bayou_shore_b, grunt_megastairs_4, uniq_fannar, uniq_nergalle
Lair:3:   minmay_snake_entry_guardpost_small, bh_autumn_forest_stairs,
          serial_bayou_shore_a, grunt_megastairs_2
Lair:4:   elwin_shoals_entry_rooms
Lair:5:   slime_altar_1, lab_entry_generic, eino_small_chamber_without_monster
Lair:6:   grunt_lair_end_beastmaster, special_room, serial_bayou_lake_a,
          lemuel_fruit_tree
Shoals:2: serial_shops, shop
Shoals:3: uniq_roxanne
Shoals:4: shoals_end_simple, shoals_ilsuiw_ice, serial_shops, shop_fountains,
          nicolae_shop_stone, shop, shop, shop
Snake:1:  st_stairs_9, grunt_megastairs_3, minmay_shoptagon
Snake:2:  uniq_aizul
Snake:3:  guppyfry_snake_island
Snake:4:  grunt_snake_rune_pools, uniq_vashnia, uniq_agnes
Orc:1:    uniq_erolcha
Orc:2:    grunt_orc_community_town_hall, grunt_orc_community_big_house_2,
          grunt_orc_community_big_house_1, grunt_orc_community_house_1,
          grunt_orc_community_house_2, grunt_orc_community_house_1,
          grunt_orc_community_house_1, grunt_orc_community_house_2,
          serial_shops, bzr_entry_gold
Vaults:1: v_misc_9, ontoclasm_vaults_loading_screen, v_alt_pattern_4,
          vaults_room_ringed_pool, v_misc_15, v_misc_24, v_pattern_1,
          grunt_vaults_hallway_long
Vaults:2: vaults_mumra_minichess_inversion, v_rooms_1, hangedman_vaults_cutoff,
          hangedman_vaults_nails, nicolae_vaults_what_the_h,
          vaults_room_hallway, vaults_dpeg_encased_lava, v_misc_5, st_lattice,
          ontoclasm_vaults_ligature, minmay_crypt_entry_simple_statues,
          serial_shops, nicolae_shop_behind_doors
Vaults:3: ontoclasm_vaults_loading_screen, vaults_room_fancy_cross, v_pattern_4,
          hangedman_vaults_capsules, grunt_vaults_bifocal,
          nicolae_vaults_inception_statues, grunt_vaults_swirl, v_misc_28,
          hangedman_vaults_restitches, nicolae_vaults_stairing_the_circle,
          ontoclasm_vaults_shuriken, vaults_room_pool, vaults_mumra_lcd
Vaults:4: nicolae_vaults_big_angled_halls, st_octagons_1,
          nicolae_vaults_ring_of_whatevers, v_misc_4, vaults_room_grid,
          grunt_vaults_trifunnel, vaults_room_door_hall,
          ontoclasm_vaults_misaligned
Crypt:1:  minivault_11, uniq_sojobo, uniq_bai_suzhen
Crypt:2:  lemuel_freeze_loot_1, uniq_xtahua
Crypt:3:  church_of_pain_bobbens, minivault_23
Depths:1: infiniplex_enter_wizlab_water, grunt_mini_vestibule,
          dk_noncrumbling_2, kennysheep_small_square, minmay_shop_grove
Depths:2: evilmike_diamond_2, abyss_entry, hell_entry, minmay_fountain_box,
          trove_entry_hex_spiral, minmay_item_behind_shaft, laboratory,
          infiniplex_staircase_squiggle, uniq_mara
Depths:3: box_level_dp, hell_entry, pan_entry
Depths:4: minmay_blocking_statues, abyss_entry_small_statue_room, serial_shops,
          shop, nicolae_shop_statue_plus, shop, nicolae_shop_stone, shop,
          hell_entry, basic_altar, kennysheep_small_spiral,
          minmay_strange_pillars, xom_teletrap_fun,
          infiniplex_staircase_zigzag_3, uniq_saint_roka
Depths:5: evilmike_zot_entry_hall, enter_ziggurat_e, hell_entry,
          hangedman_decor_riveting, grunt_ministairs_10
Zot:1:    kennysheep_six_static_rooms
Zot:2:    lemuel_acid_trip, zot_minivault_7
Abyss:3:  evilmike_abyss_exit_vortex, hangedman_abyss_rune_flesh_and_stone
Zig:6:    ziggurat_pillar_centre_dead_trees
Zig:9:    ziggurat_pillar_centre_c
Lab:      labyrinth_hidden_loot, labyrinth_lava_lair, nicolae_lab_quarters,
          nicolae_lab_arrow, labyrinth_skeletal_remains, nicolae_lab_big_swirl
Bazaar:   bazaar_jpeg_circle_rare_3
Trove:    trove_books_scrolls
Ossuary:  ossuary_minmay_scorpions
IceCv:    ice_cave_small_giant
Volcano:  kennysheep_volcano_temple
WizLab:   wizlab_golubria

Skill      XL: |  1  2  3  4  5  6  7  8  9 10 11 12 13 14 15 16 17 18 19 20 21 22 23 24 25 26 27 |
---------------+----------------------------------------------------------------------------------+-----
Fighting       | 5 6 8 9 12 14 18 | 18.2
Transmutations | 2 3 4 6 8 9 10 11 12 13 14 15 16 | 16.0
Spellcasting   | 2 3 4 5 6 8 |  8.3
Dodging        | 2 3 5 6 10 12 15 | 15.8
Polearms       | 2 7 9 10 11 12 13 14 17 19 20 22 24 25 26 | 26.0
Evocations     | 4 6 9 14 | 14.4
Earth Magic    | 2 7 10 11 13 | 13.8
Stealth        | 6 |  6.2
Summonings     | 5 |  5.1
Air Magic      | 4 |  4.3
Translocations | 5 7 8 |  8.8
Charms         | 1 9 10 | 10.8
Necromancy     | 1 11 12 | 12.7
Armour         | 7 |  7.3
Hexes          | 5 |  5.2
Throwing       | |  1.0

Action                   |  1- 3 |  4- 6 |  7- 9 | 10-12 | 13-15 | 16-18 | 19-21 | 22-24 | 25-27 || total
-------------------------+-------+-------+-------+-------+-------+-------+-------+-------+-------++-------
Melee: Unarmed           |   175 |       |       |       |       |       |       |       |       ||   175
       Whip              |   148 |   162 |   120 |       |       |       |       |       |       ||   430
       Kick              |       |    53 |   100 |   287 |   239 |   521 |   658 |   438 |   400 ||  2696
       Halberd           |       |       |    17 |   182 |   517 |       |       |       |       ||   716
       Spear             |       |       |   213 |   754 |       |       |       |       |       ||   967
       Headbutt          |       |       |     9 |   183 |   152 |   316 |   398 |   286 |   278 ||  1622
       Bite              |       |       |     3 |    31 |       |       |       |       |       ||    34
       Peck              |       |       |       |   135 |   144 |   296 |   384 |   256 |   207 ||  1422
       Trident           |       |       |       |       |   115 |  1814 |  2084 |       |       ||  4013
       Bardiche          |       |       |       |       |       |       |    44 |  1327 |  1053 ||  2424
 Fire: Blowgun           |     2 |    23 |    29 |       |       |       |       |       |       ||    54
       Hunting sling     |       |    72 |   172 |     6 |       |       |       |       |       ||   250
       Shortbow          |       |       |     5 |       |       |       |       |       |       ||     5
Throw: Stone             |    15 |       |       |     1 |       |       |       |       |       ||    16
       Throwing net      |       |       |       |       |       |     3 |       |     4 |     4 ||    11
 Cast: Sticks to Snakes  |       |       |    38 |    47 |       |     9 |    24 |    13 |     1 ||   132
       Statue Form       |       |       |       |       |     1 |   104 |   114 |    78 |    61 ||   358
       Summon Lightning  |       |       |       |       |       |       |     2 |       |       ||     2
       Passage of Golubr |       |       |       |       |       |       |       |     3 |       ||     3
       Blink             |       |       |       |       |       |       |       |     3 |     7 ||    10
       Regeneration      |       |       |       |       |       |       |       |       |    39 ||    39
       Lesser Beckoning  |       |       |       |       |       |       |       |       |    16 ||    16
       Song of Slaying   |       |       |       |       |       |       |       |       |     4 ||     4
       Spectral Weapon   |       |       |       |       |       |       |       |       |     4 ||     4
 Abil: Blink             |       |       |       |     4 |     2 |     7 |       |     2 |       ||    15
       Evoke Flight      |       |       |       |       |     1 |       |       |       |       ||     1
       End Transformatio |       |       |       |       |       |     4 |       |     1 |    11 ||    16
Evoke: Wand              |       |       |     9 |    17 |     6 |     6 |    17 |     7 |    11 ||    73
       Phial of floods   |       |       |       |     1 |       |       |       |       |     1 ||     2
  Use: Potion            |     1 |       |     2 |     2 |     6 |     4 |     4 |     5 |    12 ||    36
       Scroll            |     2 |     3 |     9 |     6 |    16 |    19 |    16 |    10 |    25 ||   106
 Stab: Distracted        |     1 |       |     2 |    11 |     2 |     8 |    14 |    20 |    14 ||    72
       Petrified         |       |       |    14 |     2 |     1 |       |       |       |     1 ||    18
       Confused          |       |       |     2 |     7 |     6 |     5 |     5 |     3 |     2 ||    30
       Paralysed         |       |       |     4 |     4 |       |     2 |     3 |       |     2 ||    15
       Petrifying        |       |       |     2 |     3 |       |       |     4 |       |       ||     9
       Sleeping          |       |       |       |    20 |    12 |    38 |    18 |    25 |    11 ||   124
       Held in net/web   |       |       |       |       |       |     2 |       |     6 |     3 ||    11
       Invisible         |       |       |       |       |       |       |       |     6 |     9 ||    15
  Eat: Chunk             |     7 |     6 |    21 |    31 |    30 |    75 |    76 |    20 |    12 ||   278
       Bread ration      |       |       |     1 |       |       |     4 |     4 |     9 |     5 ||    23
       Royal jelly       |       |       |       |     1 |     3 |     2 |     1 |     7 |     1 ||    15
       Fruit             |       |       |       |     5 |       |       |       |       |       ||     5
       Meat ration       |       |       |       |       |       |       |       |       |     4 ||     4
Armor: Ring mail         |   151 |    80 |   156 |    14 |       |       |       |       |       ||   401
       Robe              |     1 |       |       |       |       |       |       |       |       ||     1
       Skin              |     4 |       |    28 |     8 |    17 |   740 |  1026 |   652 |   555 ||  3030
       Steam dragon scal |       |       |       |   127 |    92 |    25 |    12 |    36 |    56 ||   348
Dodge: Dodged            |   145 |    83 |   224 |   339 |   386 |  1230 |  1551 |   884 |   909 ||  5751
       Deflected         |       |       |       |     7 |     3 |    99 |   130 |    11 |       ||   250
